 Dungeon Crawl Stone Soup version 0.16-a0-3425-gb4a0a08 (console) character file.

1436206 MarvinPA the Grand Master (level 27, -5/224 HPs)
             Began as an Octopode Transmuter on Dec 30, 2014.
             Was the Champion of Ru.
             Slain by an Executioner (6 damage)
             ... on level 25 of a ziggurat on Jan 1, 2015.
             The game lasted 10:17:47 (126613 turns).

MarvinPA the Grand Master (Octopode Transmuter)   Turns: 126613, Time: 10:17:47

Health: -5/224     AC: 16    Str: 12      XL:     27
Magic:  0/49       EV: 43    Int: 28      God:    Ru [******]
Gold:   10395      SH:  0    Dex: 16 (18) Spells: 18 memorised, 1 level left

rFire  + + .     SeeInvis +       - Unarmed
rCold  + + +     Clarity  +     a - +2 hat {MR+}
rNeg   + . .     SustAb   +     G - amulet "Deisch" {Clar Dex-2 Slay+6}
rPois  +         Gourm    .     v - ring of Robustness {AC+8}
rElec  .         Spirit   .     z - ring of Desertification {rC+ EV+4 Int+3}
rCorr  .         Warding  .     r - ring "Wusatis" {rPois rF++ rN+ Dex+4 SInv}
rMut   .         Stasis   .     N - ring of Shaolin {EV+8}
MR     +++..                    h - ring of a Thousand Mice {SustAb rC++ Int+3}
Stlth  ++++......               x - +5 ring of protection
                                Z - +6 ring of slaying

@: exhausted, no scrolls, very slightly contaminated, hasted and slowed, repel
missiles, drained, extremely resistant to hostile enchantments, stealthy
A: almost no armour, amphibious, 8 rings, constrict 7, camouflage 1, screaming
1, gelatinous body 1, inability to read while threatened, missing a hand, hated
by all, no earth magic, no hexes magic, no summoning magic
a: Draw Out Power, Power Leap, Apocalypse, Renounce Religion
}: 15/15 runes: serpentine, barnacled, slimy, silver, golden, iron, obsidian,
icy, bone, abyssal, demonic, glowing, magical, fiery, dark


You were on level 25 of a ziggurat.
You worshipped Ru.
Ru was exalted by your worship.
You were not hungry.

You visited 18 branches of the dungeon, and saw 95 of its levels.
You visited Pandemonium 3 times, and saw 34 of its levels.
You visited the Abyss 2 times.
You visited 1 bazaar.
You visited 2 ziggurats, and saw 41 of their levels (deepest: 25).
You also visited: Labyrinth, Trove, Bailey, Ice Cave and Wizlab.

You collected 19694 gold pieces.
You spent 9299 gold pieces at shops.


Innate Abilities, Weirdness & Mutations

You cannot wear most types of armour.
You are amphibious.
You can wear up to eight rings at the same time.
You can use your tentacles to constrict many enemies at once.
Your skin changes colour to match your surroundings (Stealth).
You occasionally shout uncontrollably at your foes.
Your rubbery body absorbs attacks (AC +1).
You cannot read scrolls while threatened.
You are missing a hand.
You are hated by all.
You cannot study or cast Earth magic.
You cannot study or cast Hexes magic.
You cannot study or cast Summoning magic.


   Skills:
 O Level 27(25.2) Fighting
 O Level 27(25.2) Dodging
 - Level 6.1(5.0) Stealth
 O Level 27(25.2) Unarmed Combat
 O Level 27(25.2) Spellcasting
 - Level 13.0(11.6) Charms
 O Level 27(25.2) Necromancy
 + Level 13.1(11.7) Translocations
 O Level 27(25.2) Transmutations
 + Level 17.0(15.5) Ice Magic
 - Level 12.9(11.6) Evocations


You had one spell level left.
You knew the following spells:

 Your Spells              Type           Power        Failure   Level  Hunger
a - Phase Shift           Tloc           #######...   1%          5    None
b - Blink                 Tloc           N/A          0%          2    None
c - Ice Form              Ice/Trmt       #######.     0%          4    None
d - Repel Missiles        Chrm/Air       ######       1%          2    None
e - Apportation           Tloc           #######...   0%          1    None
g - Regeneration          Chrm/Necr      #######...   0%          3    None
h - Haste                 Chrm           #######.     1%          6    None
s - Swiftness             Chrm/Air       ######..     1%          2    None
t - Control Teleport      Chrm/Tloc      #######...   1%          4    None
v - Blade Hands           Trmt           ########..   0%          5    None
z - Song of Slaying       Chrm           #######.     0%          2    None
C - Dragon Form           Trmt           ########..   1%          7    None
L - Borgnjor's Revivific  Necr           ########..   1%          8    ####...
M - Necromutation         Trmt/Necr      ########..   1%          8    ####...
Q - Alistair's Intoxicat  Trmt/Pois      #######.     1%          4    None
V - Hydra Form            Trmt           ########..   0%          6    None
X - Ozocubu's Refrigerat  Ice            #######...   1%          6    None
Z - Condensation Shield   Ice            #######...   0%          4    None

Inventory:

Hand weapons
 Y - a +9 demon blade of distortion
Missiles
 c - 73 javelins (quivered)
 I - 17 throwing nets
Armour
 a - a +2 hat of magic resistance (worn)
Jewellery
 h - the ring of a Thousand Mice (on tentacle) {SustAb rC++ Int+3}
   (You found it on level 23 of a ziggurat)

   [ring of sustain abilities]

   It sustains your strength, intelligence and dexterity.
   It affects your intelligence (+3).
   It greatly protects you from cold.
 n - the cursed amulet of the Air {Inacc +Fly rElec EV+5 RMsl}
   (You found it on level 11 of a ziggurat)

   [amulet of inaccuracy]

   It reduces the accuracy of all your attacks.
   It affects your evasion (+5).
   It insulates you from electricity.
   It lets you fly.
   It protects you from missiles.
   It has a curse placed upon it.
 r - the ring "Wusatis" (on tentacle) {rPois rF++ rN+ Dex+4 SInv}
   (You bought it in a shop on level 7 of the Dungeon)

   [ring of dexterity]

   It affects your dexterity (+4).
   It greatly protects you from fire.
   It protects you from poison.
   It protects you from negative energy.
   It enhances your eyesight.
 v - the ring of Robustness (left tentacle) {AC+8}
   (You took it off a deep elf high priest on level 5 of the Vaults)

   [ring of protection]

   It affects your AC (+8).
 x - a +5 ring of protection (on tentacle)
 z - the ring of Desertification (right tentacle) {rC+ EV+4 Int+3}
   (You took it off a yaktaur captain on level 5 of the Vaults)

   [ring of evasion]

   It affects your evasion (+4).
   It affects your intelligence (+3).
   It protects you from cold.
 D - the ring of Pipp {MR+ Int+4 Dex+4 Stlth-}
   (You found it on level 24 of a ziggurat)

   [ring of loudness]

   It affects your intelligence (+4).
   It affects your dexterity (+4).
   It affects your resistance to hostile enchantments.
   It makes you less stealthy.
 G - the amulet "Deisch" (around mantle) {Clar Dex-2 Slay+6}
   (You found it on level 9 of a ziggurat)

   [amulet of clarity]

   It provides mental clarity.
   It affects your dexterity (-2).
   It affects your accuracy and damage with ranged weapons and melee attacks
   (+6).
 K - the cursed amulet of Weufar {Faith rElec rC+ Slay+6}
   (You found it on level 4 of the Realm of Zot)

   [amulet of faith]

   It allows you to gain divine favour quickly.
   It affects your accuracy and damage with ranged weapons and melee attacks
   (+6).
   It protects you from cold.
   It insulates you from electricity.
   It has a curse placed upon it.
 N - the ring of Shaolin (on tentacle) {EV+8}
   (You found it on level 18 of a ziggurat)

   [ring of evasion]

   It affects your evasion (+8).
 Q - the cursed amulet of Prarrein {Stasis Str+2 Int+3}
   (You found it on level 2 of the Depths)

   [amulet of stasis]

   It prevents you from being teleported, slowed, hasted or paralysed.
   It affects your strength (+2).
   It affects your intelligence (+3).
   It has a curse placed upon it.
 R - a cursed amulet of resist mutation
 U - the cursed ring of Nobility {SustAb rElec Stlth+}
   (You found it on level 14 of a ziggurat)

   [ring of sustain abilities]

   It sustains your strength, intelligence and dexterity.
   It insulates you from electricity.
   It makes you more stealthy.
   It has a curse placed upon it.
 W - the cursed macabre finger necklace {Ward rN+}
   (You found it on level 12 of a ziggurat)

   [amulet of warding]

   It may prevent the melee attacks of summoned creatures.
   It protects you from negative energy.
   It has a curse placed upon it.
 X - the cursed ring of the Lonely Wonders {rC+ Dex+2 Slay+3}
   (You found it on level 5 of a ziggurat)

   [ring of protection from cold]

   It affects your dexterity (+2).
   It affects your accuracy and damage with ranged weapons and melee attacks
   (+3).
   It protects you from cold.
   It has a curse placed upon it.
 Z - a +6 ring of slaying (on tentacle)
Magical devices
 k - a wand of heal wounds (4) {!d}
 q - a wand of digging (24)
 t - a wand of heal wounds (6) {!d}
 C - a wand of hasting (8) {!d}
 E - a wand of teleportation (7) {!d}
 O - a wand of disintegration (23)
 T - a wand of teleportation (7) {!d}
Scrolls
 b - 14 scrolls of enchant weapon
 d - 22 scrolls of identify
 s - 12 scrolls of magic mapping
 u - 45 scrolls of teleportation
 y - 25 scrolls of fog
 B - 13 scrolls of recharging
 F - 33 scrolls of blinking
 M - 11 scrolls of holy word {!r}
 P - 40 scrolls of remove curse
 S - 7 scrolls of silence
Potions
 f - 5 potions of might
 i - 13 potions of agility
 j - 8 potions of curing
 l - 5 potions of heal wounds
 m - 8 potions of magic
 o - 10 potions of restore abilities
 p - 7 potions of resistance
 A - 16 potions of brilliance
 H - 12 potions of haste
 J - 2 potions of beneficial mutation
 L - 19 potions of cure mutation
 V - 8 potions of cancellation
Miscellaneous
 g - a disc of storms
Comestibles
 e - 48 bread rations

Dungeon Overview and Level Annotations

Branches:
Dungeon (15/15)            Temple (1/1) D:6            Lair (8/8) D:8
 Shoals (5/5) Lair:4        Snake (5/5) Lair:6        Slime (6/6) Lair:6
    Orc (4/4) D:10            Elf (3/3) Orc:3        Vaults (5/5) D:14
  Crypt (3/3) Vaults:3       Tomb (3/3) Crypt:3      Depths (5/5) D:15
   Hell (1/1)                 Dis (7/7) Hell            Geh (7/7) Hell
    Nor (7/7) Hell            Tar (7/7) Hell            Zot (5/5) Depths:5

Altars:
Ashenzari
Cheibriados
Dithmenos
Elyvilon
Fedhas
Gozag
Kikubaaqudgha
Makhleb
Nemelex Xobeh
Okawaru
Qazlal
Ru
Sif Muna
Trog
Vehumet
Xom
Yredelemnul
Zin
The Shining One
Beogh
Jiyva

Shops:
D:7 =*   D:12 !   D:14 !?   Orc:4 *[:(   Elf:2 *:?[   Shoals:3 }[}?   Snake:5 [
Vaults:3 (   Vaults:4 *   Depths:1 *   Depths:4 ?

Portals:
Hell: Lair:8 Depths:1 Depths:2 Depths:3 Depths:4 Depths:5
Abyss: Depths:2 Depths:4
Pandemonium: Depths:2 Depths:3

Annotations:
D:3 MarvinPA's ghost, average OpTm
D:9 runed door
Elf:2 runed door
Zot:5 1 exclusion

▓∩........................
▓.........................
▓.................1.......
▓............1..2)2....21.
▓...............2...2.9.9.
▓..............84.).2....8
▓.............422)99R....
▓...........2122..2......
▓▓▓▓▓▓▓▓▓▓▓▓▓x19.........
▓1.6.2...... ▓1.........
▓......... ▓........
▓....... ▓...... ▓.....
▓▓▓


You could see a Hell Sentinel, a gelid warmonger, a monstrous demonspawn, an Ice
Fiend, 2 cacodemons, 2 demonspawn, 3 balrugs, a green death, 4 Executioners, a
blizzard demon, 2 shadow demons, a hellwing, a sixfirhy, 2 hellions and a
tormentor.


Message History

You feel much better.
This wand has 4 charges left.
The Executioner hits you but does no damage.
The Executioner completely misses you. x5
The Executioner hits you!!
You feel threatened and lose the ability to read scrolls!
* * * LOW HITPOINT WARNING * * *
You partially resist.
You feel drained. The Executioner completely misses you.
The Executioner completely misses you.
You redirect the Executioner's attack!
The Executioner misses the Executioner.
The Executioner hits the Executioner but does no damage.
The Executioner barely misses the Executioner.
You redirect the Executioner's attack!
The Executioner completely misses you. The Executioner misses you.
The Executioner completely misses you.
The Executioner begins to attack, but is stunned by your will!
The hellion begins to attack, but is stunned by your will!
The Executioner begins to attack, but is stunned by your will!
The gelid warmonger mumbles some strange prayers to its god.
The gelid warmonger calls forth a grand avatar!
The Executioner hits you!!
You feel threatened and lose the ability to read scrolls!
* * * LOW HITPOINT WARNING * * *
The Executioner is healed.
You focus your will and paralyse the Executioner in retribution!
The Executioner misses you. The Executioner completely misses you.
The tormentor begins to attack, but is stunned by your will!
You redirect the hellwing's attack!
You redirect the Executioner's attack!
The Executioner completely misses you. The Executioner hits you.
You die...

Action                   |  1- 3 |  4- 6 |  7- 9 | 10-12 | 13-15 | 16-18 | 19-21 | 22-24 | 25-27 || total
-------------------------+-------+-------+-------+-------+-------+-------+-------+-------+-------++-------
Melee: Unarmed           |    64 |   176 |   322 |   593 |  1224 |  1148 |  1033 |  1271 |  6995 || 12826
 Fire: Blowgun           |       |       |       |     1 |       |       |       |       |       ||     1
Throw: Tomahawk          |       |       |    11 |       |       |       |       |       |       ||    11
 Cast: Beastly Appendage |     8 |     4 |     3 |       |       |       |       |       |       ||    15
       Sticks to Snakes  |     8 |       |       |       |       |       |       |       |       ||     8
       Spider Form       |     1 |    21 |    34 |    28 |     7 |       |       |       |     4 ||    95
       Ice Form          |       |       |     4 |    26 |    85 |     7 |       |       |     2 ||   124
       Repel Missiles    |       |       |       |       |     1 |     9 |     8 |     3 |    13 ||    34
       Blade Hands       |       |       |       |       |     2 |     3 |       |       |     2 ||     7
       Hydra Form        |       |       |       |       |       |    40 |    67 |    83 |   306 ||   496
       Ignite Poison     |       |       |       |       |       |    68 |       |       |       ||    68
       Irradiate         |       |       |       |       |       |     5 |       |       |       ||     5
       Dragon Form       |       |       |       |       |       |       |     7 |     2 |    13 ||    22
       Haste             |       |       |       |       |       |       |       |     7 |   140 ||   147
       Regeneration      |       |       |       |       |       |       |       |     1 |   142 ||   143
       Song of Slaying   |       |       |       |       |       |       |       |       |     3 ||     3
       Apportation       |       |       |       |       |       |       |       |       |   548 ||   548
       Dispel Undead     |       |       |       |       |       |       |       |       |   205 ||   205
       Necromutation     |       |       |       |       |       |       |       |       |    61 ||    61
       Condensation Shie |       |       |       |       |       |       |       |       |     4 ||     4
       Phase Shift       |       |       |       |       |       |       |       |       |     1 ||     1
Invok: Sacrifice Love    |       |       |     1 |       |       |       |       |       |       ||     1
       Sacrifice a Hand  |       |       |     1 |       |       |       |       |       |       ||     1
       Draw Out Power    |       |       |       |     4 |     6 |    10 |     2 |     1 |    12 ||    35
       Sacrifice Words   |       |       |       |     1 |       |       |       |       |       ||     1
       Apocalypse        |       |       |       |     1 |     7 |     2 |     5 |     3 |    16 ||    34
       Sacrifice Arcana  |       |       |       |     1 |       |       |       |       |       ||     1
       Sacrifice Purity  |       |       |       |       |     1 |       |       |       |       ||     1
       Power Leap        |       |       |       |       |       |       |     1 |       |     6 ||     7
 Abil: End Transformatio |       |     3 |    23 |    37 |    78 |    39 |    51 |    55 |   144 ||   430
       Breathe Fire      |       |       |       |       |       |       |     1 |       |       ||     1
       Evoke Teleport Co |       |       |       |       |       |       |       |       |     4 ||     4
Evoke: Wand              |       |     1 |     6 |     6 |     1 |       |       |     1 |    24 ||    39
       Deck              |       |       |       |       |       |       |       |       |     3 ||     3
       Rod               |       |       |       |       |       |       |       |       |     2 ||     2
  Use: Scroll            |       |    16 |     5 |     6 |    13 |    11 |    20 |     3 |    78 ||   152
       Potion            |       |       |     2 |     1 |     3 |     3 |     3 |    13 |    52 ||    77
 Stab: Sleeping          |     3 |     2 |     5 |     7 |    40 |    25 |    16 |    18 |    30 ||   146
       Distracted        |     1 |       |       |     3 |     9 |    12 |     8 |    12 |    72 ||   117
       Invisible         |       |       |       |     7 |    19 |    32 |    30 |    23 |    63 ||   174
       Paralysed         |       |       |       |     3 |    26 |    20 |    13 |    10 |    82 ||   154
       Petrified         |       |       |       |       |       |       |     2 |       |     2 ||     4
       Confused          |       |       |       |       |       |       |       |       |     1 ||     1
  Eat: Chunk             |     2 |    14 |    18 |    27 |    50 |     9 |     2 |       |     5 ||   127
       Beef jerky        |       |     1 |       |       |       |       |       |       |     8 ||     9
       Pizza             |       |       |       |       |     4 |     1 |       |       |     7 ||    12
       Royal jelly       |       |       |       |       |       |       |       |     1 |     6 ||     7
       Fruit             |       |       |       |       |       |       |       |       |    13 ||    13
       Meat ration       |       |       |       |       |       |       |       |       |    14 ||    14
       Bread ration      |       |       |       |       |       |       |       |       |     9 ||     9

Vault maps used:
D:1:      dpeg_arrival_water_temple_mockup
D:3:      lemuel_doored_altar, cheibriados_altar_1,
          gammafunk_temple_overflow_pools, minmay_misc_feat_room,
          grunt_qazlal_clouds
D:4:      grunt_ashenzari_visionary, uniq_iyjb, uniq_edmund
D:5:      yredelemnul_altar_generic, kennysheep_mini_moat,
          nemelex_xobeh_ov_fountains_minmay, first_bread,
          nicolae_underground_beach, uniq_prince_ribbit1
D:6:      minmay_temple_entry_glassed_door, minmay_stone_trees_small
D:7:      lemuel_ice_statue, serial_shops, shop, shop
D:8:      nicolae_overflow_hidden_temple, dpeg_oklobed_lair
D:9:      overflow_temple_1_default, hangedman_tell_no_tales
D:10:     david_orc_2, enter_bailey_2, led_sif_book
D:12:     serial_shops, shop
D:13:     minmay_expanding_squares
D:14:     david_vaults_3, serial_shops, nicolae_shop_waterfront, shop,
          uniq_azrael
D:15:     grunt_enter_depths_magical_seal, nicolae_trove_entry_crossroad,
          minivault_4, basic_altar, hangedman_decor_riveting, st_stairs_7,
          minmay_misc_feat_nine_boxes, nicolae_ru_sacrificial_ziggurat,
          uniq_maud
Temple:   jpeg_temple_clearing_9
Lair:1:   mu_elephants_graveyard, st_stairs_4, nicolae_quartered_pool_medium,
          uniq_gastronok
Lair:2:   nicolae_quartered_pool_little
Lair:3:   minmay_lair_oklob_tunnel, minmay_another_anthill
Lair:4:   minmay_shoals_entry_beasts
Lair:5:   kennysheep_abandoned_house, basic_altar, serial_bayou_shore_b
Lair:6:   minmay_snake_entry_guardpost_small, slime_altar_1, lab_entry_generic,
          tgw_fedhas, serial_bayou_shore_b
Lair:8:   evil_forest, bobbens_ice_dragon_lair, serial_bayou_shore_a
Shoals:1: uniq_rupert
Shoals:2: nicolae_shoals_square_sea_wall
Shoals:3: serial_shops, shop, shop, nicolae_shop_window_shopping,
          shop_fountains, st_sunken_temple
Shoals:5: shoals_end_simple, shoals_ilsuiw_alternative, uniq_louise,
          uniq_polyphemus, uniq_wiglaf
Snake:1:  spider_trap, lemuel_oklob_altar, lemuel_fruit_tree, uniq_asterion,
          uniq_kirke
Snake:2:  cheibrodos_snake_lava_hold
Snake:4:  uniq_jorgrun
Snake:5:  minmay_snake_end_coiled, serial_shops, shop
Orc:1:    nicolae_orc_accident_2
Orc:2:    portal_ice_cave_entry_pillars_02, nicolae_orc_bridge_out,
          uniq_nergalle
Orc:3:    nicolae_orc_pool_cavern, uniq_nessos, uniq_donald, uniq_fannar
Orc:4:    st_orc_congregation
Elf:1:    minmay_elf_demonology
Elf:2:    serial_shops, freezing_bzr,
          nicolae_shop_temple_entry_statues_fountains, shop, shop_fountains,
          nicolae_shop_window_shopping, hex_medium
Elf:3:    minmay_elf_hall_four_x, nicolae_elf_w_pinch
Vaults:1: vaults_room_grunt_arrival_ludios, v_misc_19, v_misc_4,
          nicolae_vaults_alarming, v_misc_23, nicolae_vaults_yaktaur_gun_rack,
          uniq_saint_roka, uniq_nikola
Vaults:2: v_pattern_5, vaults_room_hallway, nicolae_vaults_asterisk,
          ontoclasm_vaults_hangar, v_misc_26, v_misc_27,
          nicolae_vaults_little_squares_5, hangedman_vaults_impose
Vaults:3: ontoclasm_vaults_loading_screen, vaults_mumra_hexcomb,
          minmay_crypt_entry_skeletal_spiral,
          vaults_standard_mumra_enter_the_diamond,
          nicolae_vaults_an_arrangement, nicolae_vaults_border_crossing,
          v_alt_pattern_3, nicolae_vaults_twisting_passages, v_alt_pattern_2,
          vaults_mumra_minichess, nicolae_vaults_little_squares_4, serial_shops,
          shop
Vaults:4: nicolae_vaults_triangles, v_alt_pattern_6,
          ontoclasm_vaults_loading_screen, v_misc_4, v_alt_pattern_3,
          nicolae_vaults_hallways_thing, ontoclasm_vaults_bender,
          grunt_vaults_hallway_short, ontoclasm_vaults_idyll, v_misc_11,
          vaults_dpeg_hooks, serial_shops, nicolae_shop_window_shopping
Vaults:5: serial_shops, uniq_boris, uniq_sojobo
Crypt:1:  crypt_curse_skull, roderic_lattice_octagonal_star,
          grunt_crypt_arrival_split, uniq_jory
Crypt:2:  crypt_curse_skull
Crypt:3:  cryptofortress_bobbens
Tomb:2:   uniq_mennas, uniq_boris
Depths:1: grunt_mini_vestibule, kennysheep_decorative_pillar, mu_enter_wizlab_5,
          hangedman_decor_lopped, guppyfry_shop_blood
Depths:2: radiant_caverns_b_rkd, abyss_entry, pan_entry, hell_entry
Depths:3: minmay_ornate_pinched, hangedman_decor_clover_reticule,
          pf_coc_iceberg, rand_demon_pan_entry_4, basic_stair_grate_trap
Depths:4: vault_1, enter_ziggurat_d, dk_noncrumbling_3, serial_shops,
          kennysheep_mini, hell_entry, abyss_entry_crystal, spider_trap,
          st_stairs_11, lemuel_flames_and_gold
Depths:5: grunt_zot_entry_gee_three, hell_entry
Dis:1:    hangedman_dis_decor_blocks_crown, grunt_megastairs_2
Dis:3:    hangedman_dis_decor_tower
Dis:7:    iron_city_of_dis
Geh:3:    nicolae_geh_sunburst
Geh:7:    evilmike_geh
Nor:1:    grunt_deathspiral_small
Nor:6:    serial_ice, serial_ice_g, serial_ice_h, serial_ice_l, serial_ice_a
Nor:7:    coc_mu
Tar:2:    nicolae_tar_cuneiform_sun
Tar:3:    nicolae_tar_cuneiform_city
Tar:6:    nicolae_tar_cuneiform_heaven, lemuel_nasty_fountain
Tar:7:    tar_minmay_river
Zot:2:    zot_minivault_4
Zot:5:    grunt_ministairs_1, bh_zot_lava_cross
Abyss:4:  nicolae_abyss_rune_star_stuff
Abyss:5:  evilmike_abyss_exit_11
Pan:      evilmike_mini_pan_corner, nicolae_pan_cerebovesque_2,
          grunt_pan_sceptre, nicolae_pan_cerebovesque_1, grunt_pan_pentagram,
          rand_demon_8, nicolae_pan_mnolegish_3, pan_captured_pigsty,
          nicolae_pan_sigil_uleosi, rand_demon_8, grunt_pan_zigzag,
          pan_blood_fountain, nicolae_pan_double_arrow,
          evilmike_mini_pan_thingy, rand_demon_5, nicolae_pan_sigil_itan,
          nicolae_pan_gloorx_vloqian_2, evilmike_cerebov_lava, grunt_pan_spiral,
          nicolae_pan_sigil_nadil, pan_disco_hall, rand_demon_9,
          uniq_mennas_pan, pan_blood_fountain_small, rand_demon_3,
          reaverb_pan_squares, evilmike_mini_pan_doors, nicolae_pan_giant_door,
          pan_blood_fountain_small, evilmike_mini_pan_T, pan_surprise,
          nicolae_pan_mnolegish_4, reaverb_pan_chaos_star,
          evilmike_mini_pan_other_thingy, enter_ziggurat_pan_c,
          evilmike_mini_pan_3x3, enter_ziggurat_pan_d, pan_blood_fountain_small,
          pan_blood_fountain_2, rand_demon_2, nicolae_pan_gloorx_vloqian_1,
          nicolae_pan_giant_door, pan_blood_fountain_2, lom_lobon,
          pan_blood_fountain_small, rand_demon_5, pan_blood_fountain_small,
          rand_demon_7, rand_demon_3, rand_demon_6, nicolae_pan_giant_door,
          nicolae_pan_sigil_itan, rand_demon_6, evilmike_mini_pan_V,
          pan_blood_fountain_small, nicolae_pan_lom_lobonic_2, rand_demon_6,
          evilmike_mnoleg_eyes, grunt_pan_frozen_over,
          nicolae_pan_lom_lobonic_4, nicolae_pan_glass_arcs,
          nicolae_pan_cerebovesque_2, gloorx_vloq_grunt, pan_blood_fountain_2
Zig:2:    ziggurat_pillar_centre_c
Zig:7:    ziggurat_pillar_centre_oklobs
Zig:9:    ziggurat_pillar_centre_k
Zig:10:   ziggurat_loot_2
Zig:13:   ziggurat_loot_2
Zig:14:   ziggurat_pillar_centre_dead_trees
Zig:20:   ziggurat_loot_2
Zig:24:   ziggurat_pillar_centre_drop
Lab:      nicolae_lab_dead_adventurers, labyrinth_skeletal_remains,
          nicolae_lab_lava, nicolae_lab_garden, nicolae_lab_blocks,
          labyrinth_fake_exit, nicolae_lab_arrow
Bazaar:   bazaar_jpeg_oval
Trove:    trove_wands_scrolls
Bailey:   bailey_axe_4, bailey
IceCv:    ice_cave_small_dragons
WizLab:   wizlab_eringya

Notes
Turn   | Place    | Note
--------------------------------------------------------------
     0 | D:1      | MarvinPA, the Octopode Transmuter, began the quest for the Orb.
     0 | D:1      | Reached XP level 1. HP: 13/13 MP: 3/3
   178 | D:1      | Reached XP level 2. HP: 13/18 MP: 2/4
   629 | D:1      | Reached skill level 2 in Fighting
   636 | D:1      | Learned a level 2 spell: Sticks to Snakes
   831 | D:1      | You fall through a shaft!
  1156 | D:2      | Reached XP level 3. HP: 16/24 MP: 0/6
  1176 | D:2      | Learned a level 3 spell: Spider Form
  1540 | D:1      | HP: 2/25 [gnoll/flail (10)]
  1699 | D:1      | Reached skill level 4 in Unarmed Combat
  1699 | D:1      | Reached XP level 4. HP: 16/30 MP: 3/7
  2173 | D:2      | Reached skill level 3 in Fighting
  2271 | D:2      | Reached XP level 5. HP: 18/36 MP: 1/9
  3057 | D:3      | Found a snail-covered altar of Cheibriados.
  3114 | D:2      | Identified a potion of resistance
  3184 | D:3      | Reached skill level 5 in Unarmed Combat
  3393 | D:3      | Reached skill level 4 in Fighting
  3393 | D:3      | Reached XP level 6. HP: 31/43 MP: 6/10
  3493 | D:3      | Found a shadowy altar of Dithmenos.
  3655 | D:3      | Noticed MarvinPA's ghost (average OpTm)
  3850 | D:4      | Noticed Ijyb
  3859 | D:4      | Killed Ijyb
  3961 | D:4      | Found a shattered altar of Ashenzari.
  4234 | D:3      | Found a stormy altar of Qazlal.
  4555 | D:3      | Found an iron altar of Okawaru.
  4556 | D:3      | Found a sacrificial altar of Ru.
  4676 | D:3      | Became a worshipper of Ru the Awakened
  4909 | D:4      | Reached skill level 3 in Transmutations
  4913 | D:4      | Reached XP level 7. HP: 31/48 MP: 10/12
  5392 | D:4      | Reached skill level 3 in Spellcasting
  5489 | D:4      | Noticed Edmund
  5504 | D:4      | Killed Edmund
  5504 | D:4      | Reached skill level 4 in Transmutations
  6064 | D:4      | Reached skill level 4 in Spellcasting
  6064 | D:4      | Reached XP level 8. HP: 41/54 MP: 12/18
  6337 | D:5      | Entered Level 5 of the Dungeon
  6391 | D:5      | Reached skill level 5 in Transmutations
  6428 | D:5      | Found a sparkling altar of Nemelex Xobeh.
  6431 | D:5      | Noticed Prince Ribbit
  6459 | D:5      | Killed Prince Ribbit
  6468 | D:5      | Found a basalt altar of Yredelemnul.
  6572 | D:5      | Reached skill level 5 in Spellcasting
  6675 | D:5      | Gained mutation: You are hated by all. [Ru sacrifice]
  6675 | D:5      | Acquired Ru's first power
  6752 | D:5      | Reached skill level 6 in Transmutations
  6879 | D:5      | Learned a level 4 spell: Ice Form
  6885 | D:5      | Learned a level 5 spell: Blade Hands
  6945 | D:5      | Reached skill level 6 in Unarmed Combat
  7267 | D:5      | Found a shimmering altar of Xom.
  7954 | D:6      | Reached XP level 9. HP: 55/58 MP: 17/21
  8182 | D:6      | Reached skill level 7 in Unarmed Combat
  8182 | D:6      | Reached skill level 7 in Transmutations
  8386 | D:6      | Found a staircase to the Ecumenical Temple.
  8507 | D:6      | Reached skill level 3 in Dodging
  8951 | D:7      | Reached skill level 4 in Dodging
  8951 | D:7      | Reached skill level 8 in Unarmed Combat
  9021 | D:7      | Noticed MarvinPA's ghost (experienced OpTm)
  9033 | D:7      | Killed MarvinPA's ghost
  9033 | D:7      | Reached skill level 5 in Dodging
  9226 | D:7      | Found Baushre's Jewellery Shoppe.
  9233 | D:7      | Bought a +1 ring of protection for 33 gold pieces
  9236 | D:7      | Found Tuynut's General Store.
  9245 | D:7      | Bought a potion of lignification for 30 gold pieces
  9245 | D:7      | Bought a scroll of fog for 20 gold pieces
  9245 | D:7      | Bought a scroll of blinking for 75 gold pieces
  9438 | D:7      | Gained mutation: You are missing a hand. [Ru sacrifice]
  9438 | D:7      | Acquired Ru's second power
  9438 | D:7      | Acquired Ru's third power
  9438 | D:7      | Acquired Ru's fourth power
  9479 | D:7      | Reached XP level 10. HP: 63/63 MP: 6/22
  9515 | D:7      | Reached skill level 9 in Unarmed Combat
  9742 | D:7      | Noticed an ice statue
  9899 | D:7      | Killed an ice statue
  9899 | D:7      | Reached skill level 6 in Dodging
 10035 | D:8      | Found a staircase to the Lair.
 10336 | D:8      | Found an ancient bone altar of Kikubaaqudgha.
 10508 | D:8      | Reached skill level 7 in Dodging
 10989 | Lair:1   | Entered Level 1 of the Lair of Beasts
 10994 | Lair:1   | Noticed an elephant
 11007 | Lair:1   | Killed an elephant
 11007 | Lair:1   | Reached skill level 1 in Evocations
 11039 | Lair:1   | Reached skill level 5 in Fighting
 11039 | Lair:1   | Reached skill level 2 in Evocations
 11106 | Lair:1   | Reached skill level 3 in Evocations
 11120 | Lair:1   | Noticed an elephant
 11121 | Lair:1   | Noticed an elephant
 11292 | Lair:1   | Killed an elephant
 11293 | Lair:1   | Killed an elephant
 11293 | Lair:1   | Reached skill level 6 in Fighting
 11293 | Lair:1   | Reached skill level 4 in Evocations
 11325 | Lair:1   | Noticed an elephant
 11329 | Lair:1   | Noticed an elephant
 11336 | Lair:1   | Killed an elephant
 11336 | Lair:1   | Reached skill level 5 in Evocations
 11336 | Lair:1   | Reached XP level 11. HP: 65/73 MP: 17/23
 11351 | Lair:1   | Killed an elephant
 11363 | Lair:1   | Noticed an elephant
 11363 | Lair:1   | Noticed an elephant
 11365 | Lair:1   | Noticed an elephant
 11377 | Lair:1   | Noticed an elephant
 11379 | Lair:1   | Killed an elephant
 11394 | Lair:1   | Killed an elephant
 11394 | Lair:1   | Reached skill level 7 in Fighting
 11394 | Lair:1   | Reached skill level 6 in Evocations
 11413 | Lair:1   | Killed an elephant
 11413 | Lair:1   | Reached skill level 1 in Stealth
 11416 | Lair:1   | Killed an elephant
 11416 | Lair:1   | Reached skill level 2 in Stealth
 11572 | Lair:1   | Gained mutation: You cannot read scrolls while threatened. [Ru sacrifice]
 11572 | Lair:1   | Acquired Ru's fifth power
 11573 | Lair:1   | Noticed Gastronok
 11720 | Lair:1   | Killed Gastronok
 11720 | Lair:1   | Reached skill level 4 in Stealth
 11720 | Lair:1   | Reached skill level 10 in Unarmed Combat
 11821 | Lair:1   | Noticed an elephant
 11831 | Lair:1   | Killed an elephant
 11831 | Lair:1   | Reached skill level 5 in Stealth
 11868 | Lair:1   | Noticed an elephant
 11885 | Lair:1   | Killed an elephant
 11960 | Lair:1   | Reached skill level 6 in Stealth
 12113 | Lair:1   | Noticed an elephant
 12122 | Lair:1   | Killed an elephant
 12173 | Lair:1   | Noticed an elephant
 12187 | Lair:1   | Killed an elephant
 12448 | Lair:1   | Learned a level 2 spell: Swiftness
 12806 | Lair:2   | Reached skill level 1 in Charms
 12808 | Lair:2   | Reached skill level 8 in Transmutations
 13035 | Lair:2   | Noticed a six-headed hydra
 13042 | Lair:2   | Killed a six-headed hydra
 13042 | Lair:2   | Reached skill level 2 in Charms
 13042 | Lair:2   | Reached XP level 12. HP: 81/81 MP: 19/24
 13351 | Lair:2   | Reached skill level 3 in Charms
 13601 | Lair:2   | Reached skill level 11 in Unarmed Combat
 13926 | Lair:3   | Gained mutation: You cannot study or cast Earth magic. [Ru sacrifice]
 13926 | Lair:3   | Gained mutation: You cannot study or cast Hexes magic. [Ru sacrifice]
 13926 | Lair:3   | Gained mutation: You cannot study or cast Summoning magic. [Ru sacrifice]
 13991 | Lair:3   | Reached skill level 6 in Spellcasting
 14028 | Lair:3   | Noticed a six-headed hydra
 14308 | Lair:3   | Killed a six-headed hydra
 14387 | Lair:3   | Noticed a six-headed hydra
 14452 | Lair:3   | Reached skill level 7 in Spellcasting
 14476 | Lair:3   | Killed a six-headed hydra
 14476 | Lair:3   | Reached skill level 12 in Unarmed Combat
 15003 | Lair:3   | Reached skill level 8 in Spellcasting
 15489 | Lair:4   | Reached skill level 8 in Fighting
 15489 | Lair:4   | Reached XP level 13. HP: 88/88 MP: 23/29
 15490 | Lair:4   | good
 15543 | Lair:4   | Reached skill level 13 in Unarmed Combat
 15763 | Lair:4   | Found a staircase to the Shoals.
 15957 | Lair:4   | Reached skill level 9 in Fighting
 15996 | Lair:4   | Gained mutation: You occasionally shout uncontrollably at your foes. [Ru sacrifice]
 17054 | Lair:5   | Found a glowing golden altar of the Shining One.
 17342 | Lair:6   | Found a labyrinth entrance.
 17360 | Lab      | Entered a labyrinth
 17977 | Lab      | Noticed a minotaur
 18003 | Lab      | Killed a minotaur
 18247 | Lab      | Identified the Catalogue of Virous Air
 18271 | Lab      | Identified Sif Muna's Tome of Hexes and the Frostbite
 18276 | Lab      | Learned a level 2 spell: Repel Missiles
 18614 | Lair:6   | Found a staircase to the Snake Pit.
 18622 | Lair:6   | Reached skill level 7 in Evocations
 18872 | Lair:6   | Found a viscous altar of Jiyva.
 18872 | Lair:6   | Found a staircase to the Slime Pits.
 19309 | Lair:7   | Reached skill level 14 in Unarmed Combat
 19595 | Lair:7   | Reached skill level 8 in Evocations
 19596 | Lair:7   | wow what
 19604 | Lair:7   | Reached skill level 9 in Evocations
 19606 | Lair:7   | Reached XP level 14. HP: 68/97 MP: 13/30
 20354 | Lair:8   | Entered Level 8 of the Lair of Beasts
 20419 | Lair:8   | Reached skill level 10 in Evocations
 20524 | Lair:8   | Reached skill level 15 in Unarmed Combat
 20992 | Lair:8   | Reached skill level 11 in Evocations
 21283 | Lair:8   | Reached skill level 12 in Evocations
 21712 | Lair:8   | Found a burning altar of Makhleb.
 21731 | Lair:8   | Found a gateway to Hell.
 21737 | Lair:8   | Reached XP level 15. HP: 71/102 MP: 14/30
 22168 | Lair:8   | Reached skill level 16 in Unarmed Combat
 22419 | D:7      | Bought the ring "Wusatis" {rPois rF++ rN+ Dex+4 SInv} for 705 gold pieces
 22533 | D:9      | Found an opulent altar of Gozag.
 23220 | D:9      | Found a runed door.
 23545 | D:10     | Entered Level 10 of the Dungeon
 23625 | D:10     | Found a staircase to the Orcish Mines.
 23648 | D:10     | Found a flagged portal.
 23660 | Bailey   | Entered a bailey
 24289 | D:10     | Found a deep blue altar of Sif Muna.
 24317 | D:10     | Identified Sif Muna's Almanac of Conjuration
 24789 | D:10     | SGrunt: don't die
 24789 | D:10     | i'll try
 24895 | D:11     | Reached skill level 8 in Dodging
 25712 | D:12     | Found Fridanif's Distillery.
 25718 | D:12     | Bought a potion of heal wounds for 65 gold pieces
 25718 | D:12     | Bought a potion of heal wounds for 65 gold pieces
 25718 | D:12     | Bought 2 potions of haste for 260 gold pieces
 25903 | D:12     | Reached skill level 10 in Fighting
 26459 | D:12     | Bought a potion of haste for 130 gold pieces
 26558 | Orc:1    | Entered Level 1 of the Orcish Mines
 26843 | Orc:1    | Found a roughly hewn altar of Beogh.
 27010 | Orc:2    | Found a frozen archway.
 27028 | IceCv    | Entered an ice cave
 27871 | D:7      | Bought an uncursed ring of magical power for 220 gold pieces
 28160 | Orc:2    | Reached skill level 9 in Dodging
 28355 | Orc:2    | Noticed Nergalle
 28370 | Orc:2    | Killed Nergalle
 28910 | Orc:3    | Noticed Fannar
 28929 | Orc:3    | Killed Fannar
 28945 | Orc:3    | Found a staircase to the Elven Halls.
 28956 | Orc:3    | Noticed Donald
 28992 | Orc:3    | Killed Donald
 29087 | Orc:3    | SGrunt: so how's Ru
 29096 | Orc:3    | seems sort of silly
 29096 | Orc:3    | free healing is a thing
 29150 | Orc:2    | and these sacrifices aren't much of a big deal
 29219 | Orc:3    | as far as i can tell the only effect handlessness has on op is -1 ring, you still even get your tentacle slap
 29234 | Orc:3    | and it gave like 3* piety
 29243 | Orc:3    | Noticed Nessos
 29244 | Orc:3    | SGrunt: probably not tested very well with Op
 29251 | Orc:3    | Killed Nessos
 29463 | Orc:4    | Entered Level 4 of the Orcish Mines
 29900 | Orc:4    | what a thing
 29906 | Orc:4    | SGrunt: try it on V:5
 29917 | Orc:4    | Reached skill level 11 in Fighting
 29940 | Orc:4    | Reached skill level 17 in Unarmed Combat
 29940 | Orc:4    | Reached XP level 16. HP: 63/112 MP: 21/31
 30055 | Orc:4    | Found Kurodah's Antique Armour Boutique.
 30342 | Orc:4    | Found Manu's Antique Weapon Shop.
 30343 | Orc:4    | Found Mubola Sadoe's General Store.
 30343 | Orc:4    | Found Nuost's Book Boutique.
 30347 | Orc:4    | Bought a scroll of blinking for 105 gold pieces
 30533 | Orc:4    | Bought a bloodstained hat for 288 gold pieces
 30544 | Orc:4    | Bought the Volume of Twisted Transformation for 1173 gold pieces
 30554 | Orc:4    | Identified the +0 hat "Ipsuodgh" {Str+2 Int+4} (You bought it in a shop on level 4 of the Orcish Mines)
 30571 | Orc:4    | Learned a level 6 spell: Hydra Form
 31124 | D:13     | Reached skill level 9 in Transmutations
 32138 | D:13     | Identified the Grimoire of Beguiling
 32275 | Lair:1   | Learned a level 5 spell: Irradiate
 32427 | D:14     | Found a gate to the Vaults.
 32427 | D:14     | Noticed Rupert
 32428 | D:14     | hi
 32428 | D:14     | Reached skill level 9 in Spellcasting
 32430 | D:14     | SGrunt: the great annihilating truth
 32433 | D:14     | Banished Rupert
 32434 | D:14     | SGrunt: ahahahahahahaha
 32434 | D:14     | amazing
 32436 | D:14     | Reached skill level 10 in Transmutations
 32463 | D:14     | wow that healing
 32468 | D:14     | ddtm of ru, the new big thing ???
 32612 | D:14     | Noticed Azrael
 32645 | D:14     | Killed Azrael
 32806 | D:14     | Found Twiekhlie's Magic Scroll Emporium.
 32813 | D:14     | Bought a scroll of blinking for 97 gold pieces
 32813 | D:14     | Bought a scroll of magic mapping for 45 gold pieces
 32880 | D:14     | Found Loelun's Distillery.
 32951 | D:14     | Bought a potion of haste for 130 gold pieces
 33462 | D:15     | Entered Level 15 of the Dungeon
 33540 | D:15     | Found a portal to a secret trove of treasure.
 33611 | D:15     | Found a shimmering altar of Xom.
 33731 | D:15     | Noticed Maud
 33741 | D:15     | Killed Maud
 33741 | D:15     | Reached skill level 10 in Spellcasting
 33939 | D:15     | Reached skill level 11 in Transmutations
 34243 | D:15     | Found a sacrificial altar of Ru.
 34297 | D:15     | Paralysed by an orc sorcerer for 6 turns
 34304 | D:15     | help
 34318 | D:15     | Found a staircase to the Depths.
 34743 | Snake:1  | Entered Level 1 of the Snake Pit
 34743 | Snake:1  | Noticed Asterion
 34765 | Snake:1  | Reached XP level 17. HP: 115/117 MP: 21/34
 34773 | Snake:1  | Killed Asterion
 34987 | Snake:1  | Noticed Kirke
 35004 | Snake:1  | Killed Kirke
 35048 | Snake:1  | Found a deep blue altar of Sif Muna.
 35052 | Snake:1  | Reached skill level 11 in Spellcasting
 35077 | Snake:1  | Reached skill level 12 in Transmutations
 35833 | Snake:2  | Identified the Incunabulum of Baldness
 35840 | Snake:2  | Learned a level 5 spell: Ignite Poison
 35842 | Snake:2  | Learned a level 1 spell: Apportation
 36104 | Snake:2  | SGrunt: DEVOUR THY FOES
 36221 | Snake:2  | mm
 36221 | Snake:2  | SGrunt: mmm
 36349 | Snake:2  | guess i should hurry through snake so i can forget ignite poison
 36370 | Snake:2  | not that i seem to need it
 36769 | Snake:3  | Identified a wand of teleportation
 37175 | Snake:3  | Reached skill level 13 in Transmutations
 37211 | Snake:3  | You fall through a shaft!
 37213 | Snake:4  | Noticed Jorgrun
 37228 | Snake:4  | Killed Jorgrun
 37228 | Snake:4  | Reached skill level 12 in Spellcasting
 37886 | Snake:4  | what
 37886 | Snake:4  | Reached skill level 10 in Dodging
 38492 | Snake:5  | Entered Level 5 of the Snake Pit
 38679 | Snake:5  | Found Klow's Antique Armour Emporium.
 38820 | Snake:5  | Reached XP level 18. HP: 87/125 MP: 24/36
 39225 | Snake:5  | Reached skill level 12 in Fighting
 39261 | Snake:5  | Reached skill level 11 in Dodging
 39682 | Snake:5  | Got a serpentine rune of Zot
 40440 | Lair:1   | Learned a level 7 spell: Dragon Form
 40445 | Lair:1   | Learned a level 2 spell: Blink
 40487 | Shoals:1 | Entered Level 1 of the Shoals
 40748 | Shoals:1 | why is that not on autopickup
 40968 | Shoals:1 | oh right
 41167 | Shoals:1 | wasn't the point of merfolk avatars to get rid of sirens
 41351 | Shoals:1 | Reached skill level 18 in Unarmed Combat
 42011 | Shoals:2 | Reached skill level 12 in Dodging
 42639 | Shoals:3 | Found Schogoud's Gadget Emporium.
 42652 | Shoals:3 | Found Culab's Magic Scroll Emporium.
 42657 | Shoals:3 | Identified a scroll of acquirement
 42668 | Shoals:3 | :(
 42681 | Shoals:3 | Bought a scroll of amnesia for 35 gold pieces
 42681 | Shoals:3 | Bought a scroll of blinking for 75 gold pieces
 42820 | Shoals:3 | Bought a scroll of holy word for 75 gold pieces
 42930 | Shoals:3 | Found Friew's Antique Armour Shop.
 43028 | Shoals:3 | hi
 43230 | Shoals:3 | Reached XP level 19. HP: 99/132 MP: 25/37
 43249 | Shoals:3 | why can't i read books though????
 43263 | Shoals:3 | Learned a level 3 spell: Regeneration
 43263 | Shoals:3 | maybe i should learn song of slaying for while i'm hydracleaving
 43545 | Shoals:3 | Found Brakostro's Gadget Shop.
 43574 | Shoals:3 | is that thing good
 45012 | Lair:1   | Learned a level 2 spell: Song of Slaying
 45147 | Shoals:4 | Reached skill level 13 in Dodging
 45184 | Shoals:5 | Entered Level 5 of the Shoals
 45502 | Shoals:5 | Noticed Polyphemus
 45514 | Shoals:5 | Killed Polyphemus
 45530 | Shoals:5 | Reached skill level 14 in Dodging
 45545 | Shoals:5 | Noticed Louise
 45764 | Shoals:5 | Noticed Ilsuiw
 45773 | Shoals:5 | Killed Ilsuiw
 45787 | Shoals:5 | Killed Louise
 45842 | Shoals:5 | Reached skill level 15 in Dodging
 45912 | Shoals:5 | Noticed Wiglaf
 45925 | Shoals:5 | Killed Wiglaf
 46040 | Shoals:5 | Got a glittering bone ring
 46041 | Shoals:5 | Identified the ring "Chuzuuch" {rElec MP+9} (You took it off a merfolk javelineer on level 5 of the Shoals)
 46042 | Shoals:5 | good
 46225 | Shoals:5 | Got a barnacled rune of Zot
 46370 | Shoals:5 | raaar
 46370 | Shoals:5 | what a good form
 47180 | Shoals:4 | Reached XP level 20. HP: 138/138 MP: 38/38
 47519 | Elf:1    | Entered Level 1 of the Elven Halls
 47652 | Elf:1    | Reached skill level 14 in Transmutations
 47693 | Elf:1    | Identified the Papyrus of Activism (You found it on level 1 of the Elven Halls)
 47784 | Elf:1    | shroud what
 47784 | Elf:1    | do i have to fix my force mores to only apply to my own shrouds now
 48133 | Elf:1    | ...............
 48549 | Elf:2    | Found Binoteps' Book Shoppe.
 48551 | Elf:2    | Found Pneah's Magic Scroll Shoppe.
 48571 | Elf:2    | Found Khimisae's General Store.
 48601 | Elf:2    | Bought a book of Enchantments for 800 gold pieces
 48609 | Elf:2    | Learned a level 6 spell: Haste
 48623 | Elf:2    | Bought a potion of heal wounds for 75 gold pieces
 48654 | Elf:2    | Found Stritwui's Antique Armour Shop.
 48691 | Elf:2    | Found a gateway to a bazaar.
 48822 | Elf:2    | Reached skill level 4 in Charms
 48925 | Elf:2    | Found a runed gate.
 48925 | Elf:2    | Found a runed gate.
 48926 | Elf:2    | Found a runed gate.
 49023 | Elf:2    | Reached skill level 5 in Charms
 49283 | Elf:2    | Reached skill level 6 in Charms
 49341 | Elf:2    | Reached skill level 7 in Charms
 49710 | Elf:2    | Reached skill level 8 in Charms
 49971 | Elf:3    | Entered Level 3 of the Elven Halls
 50415 | Elf:3    | Reached skill level 9 in Charms
 50421 | Elf:3    | Reached skill level 10 in Charms
 50927 | Elf:3    | Reached XP level 21. HP: 144/144 MP: 38/38
 50931 | Elf:3    | Reached skill level 11 in Charms
 51030 | Elf:3    | Reached skill level 12 in Charms
 51255 | Elf:3    | Identified Cigotuvi's Tome of Evil Rituals (You found it on level 3 of the Elven Halls)
 51843 | Elf:2    | Reached skill level 16 in Dodging
 53012 | Vaults:1 | Entered Level 1 of the Vaults
 53025 | Vaults:1 | Noticed Saint Roka
 53048 | Vaults:1 | Killed Saint Roka
 53049 | Vaults:1 | what even is this
 53213 | Vaults:1 | Reached skill level 13 in Fighting
 53349 | Vaults:1 | Noticed Nikola
 53362 | Vaults:1 | Killed Nikola
 54136 | Vaults:1 | Got a heavily runed copper ring
 54137 | Vaults:1 | Identified the ring "Diczon" {+Fly rN+} (You found it on level 1 of the Vaults)
 54864 | Vaults:2 | Reached skill level 14 in Fighting
 55306 | Vaults:2 | Reached skill level 17 in Dodging
 55857 | Vaults:3 | Reached XP level 22. HP: 155/155 MP: 26/39
 56183 | Vaults:3 | Reached skill level 15 in Fighting
 56667 | Vaults:3 | Found Bluheneh's Weapon Boutique.
 56864 | Vaults:3 | Found a staircase to the Crypt.
 56874 | Vaults:3 | Reached skill level 18 in Dodging
 57141 | Vaults:4 | Found Seump's Assorted Antiques.
 57837 | Vaults:4 | Reached skill level 16 in Fighting
 58202 | Crypt:1  | Entered Level 1 of the Crypt
 58300 | Crypt:1  | Noticed Jory
 58317 | Crypt:1  | Killed Jory
 58318 | Crypt:1  | Reached skill level 19 in Unarmed Combat
 58745 | Crypt:1  | Reached XP level 23. HP: 144/163 MP: 26/39
 59159 | Crypt:1  | Reached skill level 19 in Dodging
 60685 | Crypt:3  | Entered Level 3 of the Crypt
 60861 | Crypt:3  | Identified Kikubaaqudgha's Volume of Sinister Secrets
 60895 | Crypt:3  | good scythe
 60932 | Crypt:3  | SGrunt: Death has come for the scythe...
 61149 | Crypt:3  | Reached skill level 20 in Unarmed Combat
 61174 | Crypt:3  | Found a staircase to the Tomb.
 61494 | Crypt:3  | Found an ancient bone altar of Kikubaaqudgha.
 61495 | Crypt:3  | Noticed an ancient lich
 61505 | Crypt:3  | Killed an ancient lich
 61505 | Crypt:3  | Reached skill level 20 in Dodging
 61548 | Crypt:3  | Got a shimmering brass ring
 61549 | Crypt:3  | Identified the ring "Vadghiupt" {rN+ Str+2 Slay+2} (You found it on level 3 of the Crypt)
 61559 | Crypt:3  | Got a fine steel ring
 61560 | Crypt:3  | Identified the ring "Fomiutif" {rPois rN+ Str+3 Dex+1} (You found it on level 3 of the Crypt)
 61595 | Crypt:3  | Reached skill level 1 in Translocations
 61743 | Crypt:3  | Reached skill level 2 in Translocations
 62481 | Depths:1 | Entered Level 1 of the Depths
 62514 | Depths:1 | Reached skill level 3 in Translocations
 62583 | Depths:1 | Found a magical portal.
 62658 | WizLab   | Entered Eringya's Formal Garden
 62659 | WizLab   | SGrunt: remind me why this wizlab still exists
 62659 | WizLab   | because yay oklobs
 62659 | WizLab   | does it even have oklobs, i forget
 62663 | WizLab   | SGrunt: nope
 62663 | WizLab   | oh
 62663 | WizLab   | lame
 62701 | WizLab   | Reached skill level 4 in Translocations
 62701 | WizLab   | Reached XP level 24. HP: 171/171 MP: 40/40
 62732 | WizLab   | Identified a +4 rod of ignition (12/12) (You found it in a wizard's laboratory)
 62814 | WizLab   | Found a blossoming altar of Fedhas.
 62832 | WizLab   | Identified The Arcane Arts in Simple Steps
 62834 | WizLab   | Identified the Compendium of the Escort
 62847 | WizLab   | Identified Advanced Steps in Witchcraft
 62849 | WizLab   | Identified the Disquisition on Bewitchment
 62887 | WizLab   | SGrunt: imo try Gell's in some other game; it's weird right now
 63244 | Depths:1 | Reached skill level 5 in Translocations
 63322 | Depths:1 | Reached skill level 13 in Charms
 63610 | Depths:1 | Found Yckienock's Blood Bar.
 64281 | Depths:3 | HP: 25/259 [earth elemental (19)]
 64282 | Depths:3 | oh no
 64810 | Depths:3 | Reached skill level 21 in Unarmed Combat
 64836 | Depths:3 | Reached skill level 17 in Fighting
 65790 | Depths:2 | Identified the Compendium of the Escort
 66130 | Depths:2 | Reached XP level 25. HP: 182/182 MP: 28/40
 66429 | Depths:2 | Found a one-way gate leading to the halls of Pandemonium.
 66452 | Depths:2 | Found a one-way gate to the infinite horrors of the Abyss.
 66530 | Depths:2 | Got a coiled garnet amulet
 66536 | Depths:2 | Identified the amulet of Prarrein {Stasis Str+2 Int+3} (You found it on level 2 of the Depths)
 66731 | Depths:2 | Got a coiled jade ring
 66733 | Depths:2 | Identified the ring "Huarphyh" {rF+ Str+3 Dex+5} (You found it on level 2 of the Depths)
 67176 | Depths:3 | Identified Zanachao's Guide on Warped Talismans
 67348 | Depths:3 | Reached skill level 18 in Fighting
 67825 | Depths:4 | Noticed an ancient lich
 67836 | Depths:4 | Killed an ancient lich
 67836 | Depths:4 | Reached skill level 22 in Unarmed Combat
 68132 | Depths:4 | Got a slimy graven amulet
 68227 | Depths:4 | Identified the amulet "Ghol Seg" {MR+ Int+3 Stlth+ Regen} (You took it off a deep elf demonologist on level 4 of the Depths)
 68228 | Depths:4 | nice
 68228 | Depths:4 | guardian spirit is sort of good though
 68517 | Depths:4 | Found a gateway to a ziggurat.
 68764 | Depths:4 | Found Gisatze's Magic Scroll Shoppe.
 68779 | Depths:5 | Entered Level 5 of the Depths
 68888 | Depths:5 | Reached skill level 19 in Fighting
 69498 | Depths:5 | Reached XP level 26. HP: 194/194 MP: 41/41
 70209 | Vaults:5 | Entered Level 5 of the Vaults
 70212 | Vaults:5 | Reached skill level 23 in Unarmed Combat
 70242 | Vaults:5 | Reached skill level 20 in Fighting
 70491 | Vaults:5 | Noticed Sojobo
 70499 | Vaults:5 | Killed Sojobo
 70783 | Vaults:5 | Gained mutation: You expend magic power (3 MP) to slightly strengthen your wands. [a shining eye]
 70847 | Vaults:5 | SGrunt: oh when did that go to 3 MP
 70847 | Vaults:5 | i changed it yesterday i think
 70847 | Vaults:5 | since 6/12/18 is ????????????????
 70847 | Vaults:5 | SGrunt: oh, I was going to do that
 70847 | Vaults:5 | SGrunt: okay
 70878 | Vaults:5 | oh
 70878 | Vaults:5 | nice
 70887 | Vaults:5 | SGrunt: good
 71050 | Vaults:5 | Noticed Boris
 71052 | Vaults:5 | hi boris
 71054 | Vaults:5 | Reached skill level 24 in Unarmed Combat
 71058 | Vaults:5 | SGrunt: Boris says, "Hi!"
 71065 | Vaults:5 | Killed Boris
 71065 | Vaults:5 | Reached skill level 21 in Fighting
 71129 | Vaults:5 | SGrunt: did you hear about the suggestion to scale Boris and place him earlier
 71129 | Vaults:5 | yeahh
 71129 | Vaults:5 | not sure about that, he used to be pretty scary sometimes at least
 71129 | Vaults:5 | maybe not now everything is buffed forever!
 71144 | Vaults:5 | yay
 71144 | Vaults:5 | SGrunt: Boris is still scary sometimes!!
 71144 | Vaults:5 | SGrunt: imo
 71144 | Vaults:5 | yeah i think so
 71144 | Vaults:5 | iood is no joke
 71144 | Vaults:5 | except when it misses of course
 71146 | Vaults:5 | i guess i can afford to swap out some slaying for more ac
 71146 | Vaults:5 | but
 71146 | Vaults:5 | do i want to??
 71148 | Vaults:5 | SGrunt: imo find AC+6 Slay+6
 71150 | Vaults:5 | good plan
 71168 | Vaults:5 | Reached XP level 27. HP: 205/205 MP: 41/41
 71175 | Vaults:5 | of course
 71207 | Vaults:5 | SGrunt: of course! you haven't found that ring yet after all
 71474 | Vaults:5 | Got an ancient copper ring
 71494 | Vaults:5 | Identified the cursed ring of Desertification {rC+ EV+4 Int+3} (You took it off a yaktaur captain on level 5 of the Vaults)
 71495 | Vaults:5 | not bad
 71640 | Vaults:5 | Got a silver rune of Zot
 72203 | Slime:1  | Entered Level 1 of the Pits of Slime
 74114 | Slime:5  | Gained mutation: You are clumsy. (Dex -2) [a shining eye]
 74127 | Slime:5  | Reached skill level 22 in Fighting
 74384 | Slime:5  | Reached skill level 25 in Unarmed Combat
 74491 | Slime:6  | Entered Level 6 of the Pits of Slime
 74805 | Slime:6  | Noticed the royal jelly
 74814 | Slime:6  | Killed the royal jelly
 75612 | Slime:6  | Got a serpentine silver ring
 75635 | Slime:6  | Identified the ring "Deen" {+Inv Int+4} (You found it on level 6 of the Pits of Slime)
 75696 | Slime:6  | Identified a +2 rod of the swarm (12/12) (You found it on level 6 of the Pits of Slime)
 75711 | Slime:6  | Got a slimy rune of Zot
 75888 | Lair:1   | Lost mutation: You expend magic power (3 MP) to slightly strengthen your wands. [potion of cure mutation]
 75888 | Lair:1   | Lost mutation: You are clumsy. (Dex -2) [potion of cure mutation]
 76208 | Depths:5 | Found a gate to the Realm of Zot.
 76231 | Zot:1    | Entered Level 1 of the Realm of Zot
 76753 | Zot:2    | Reached skill level 23 in Fighting
 77189 | Zot:2    | Reached skill level 26 in Unarmed Combat
 77243 | Zot:2    | help i cant eat pizza
 78713 | Zot:4    | Got a twitching ruby amulet
 78714 | Zot:4    | Identified the amulet of Weufar {Faith rElec rC+ Slay+6} (You found it on level 4 of the Realm of Zot)
 78715 | Zot:4    | nice
 79061 | Zot:5    | Entered Level 5 of the Realm of Zot
 79092 | Zot:5    | Reached skill level 24 in Fighting
 79114 | Zot:5    | Reached skill level 21 in Dodging
 79512 | Zot:5    | Noticed an orb of fire
 79523 | Zot:5    | Killed an orb of fire
 79524 | Zot:5    | ...
 79527 | Zot:5    | johnnyzero: boom.
 79527 | Zot:5    | hydra form sure is a thing
 79740 | Zot:2    | Noticed an orb of fire
 79742 | Zot:2    | Gained mutation: You heal slowly when monsters are visible. [an orb of fire]
 79751 | Zot:2    | Killed an orb of fire
 79964 | Hell     | Entered the Vestibule of Hell
 79964 | Hell     | Noticed Geryon
 79965 | Hell     | what
 79965 | Hell     | where is everyone
 79973 | Hell     | Killed Geryon
 79973 | Hell     | Reached skill level 27 in Unarmed Combat
 79994 | Hell     | jeanjacques: rip orange rats
 79994 | Hell     | :'(
 79995 | Hell     | SGrunt: HELL RATS
 80024 | Hell     | what are these lost souls supposed to do to demons
 80032 | Hell     | ok that i guess
 80040 | Hell     | SGrunt: I think they're part of one of the Tar subvaults?????????
 80102 | Hell     | Found a gateway to the decaying netherworld of Tartarus.
 80104 | Hell     | hi
 80211 | Hell     | Found a gateway to the North Pole.
 80327 | Hell     | Found a gateway to the Iron City of Dis.
 80380 | Hell     | Noticed Murray
 80384 | Hell     | thats
 80384 | Hell     | some lost souls
 80405 | Hell     | Killed Murray
 80454 | Hell     | Found a gateway to the ashen valley of Gehenna.
 80563 | Hell     | now what
 80595 | Tar:1    | Entered Level 1 of Tartarus
 80639 | Tar:1    | Reached skill level 22 in Dodging
 80818 | Tar:4    | worldbinder
 80831 | Tar:4    | Reached skill level 1 in Necromancy
 80935 | Tar:5    | Reached skill level 2 in Necromancy
 80971 | Tar:5    | Reached skill level 25 in Fighting
 81177 | Tar:7    | Entered Level 7 of Tartarus
 81555 | Tar:7    | Noticed Ereshkigal
 81580 | Tar:7    | Killed Ereshkigal
 81581 | Tar:7    | uh rip i guess
 81630 | Tar:7    | Got a bone rune of Zot
 81732 | Geh:1    | Entered Level 1 of Gehenna
 81977 | Geh:3    | Reached skill level 23 in Dodging
 82065 | Geh:4    | wow exciting
 82279 | Geh:5    | Reached skill level 26 in Fighting
 82450 | Geh:7    | Entered Level 7 of Gehenna
 82616 | Geh:7    | Noticed the Serpent of Hell
 82630 | Geh:7    | Killed the Serpent of Hell
 82651 | Geh:7    | that's a lonely door
 82757 | Geh:7    | um
 82757 | Geh:7    | hi
 83009 | Geh:7    | Reached skill level 24 in Dodging
 83078 | Geh:7    | Identified a +6 rod of ignition (11/11) (You found it on level 7 of Gehenna)
 83368 | Geh:7    | Noticed Asmodeus
 83413 | Geh:7    | Killed Asmodeus
 83444 | Geh:7    | Got an obsidian rune of Zot
 83630 | Nor:1    | Entered Level 1 of the North Pole
 83703 | Nor:2    | Reached skill level 27 in Fighting
 83793 | Nor:3    | You fall through a shaft!
 83927 | Nor:7    | Entered Level 7 of the North Pole
 83972 | Nor:7    | Reached skill level 15 in Transmutations
 84056 | Nor:7    | Reached skill level 13 in Spellcasting
 84193 | Nor:7    | Reached skill level 25 in Dodging
 84391 | Nor:7    | um hi
 84391 | Nor:7    | werent you removed
 84398 | Nor:7    | ok
 84409 | Nor:7    | Noticed Antaeus
 84410 | Nor:7    | hi
 84440 | Nor:7    | Killed Antaeus
 84440 | Nor:7    | Reached skill level 16 in Transmutations
 84463 | Nor:7    | Got an icy rune of Zot
 84520 | Dis:1    | Entered Level 1 of the Iron City of Dis
 84809 | Dis:4    | Reached skill level 14 in Spellcasting
 85272 | Dis:7    | Entered Level 7 of the Iron City of Dis
 85428 | Dis:7    | Reached skill level 17 in Transmutations
 85950 | Dis:7    | Noticed Dispater
 85968 | Dis:7    | Killed Dispater
 85968 | Dis:7    | Reached skill level 15 in Spellcasting
 85991 | Dis:7    | Got an iron rune of Zot
 86544 | Lair:1   | Lost mutation: You heal slowly when monsters are visible. [potion of cure mutation]
 86545 | Lair:1   | Upgraded the game from 0.16-a0-3394-g83d1dde to 0.16-a0-3425-gb4a0a08
 86705 | Shoals:3 | Bought a +5 iron rod (14/14) for 1478 gold pieces
 86705 | Shoals:3 | Bought a wand of fireball (3) for 182 gold pieces
 86764 | Shoals:3 | Bought a scroll of recharging for 95 gold pieces
 86764 | Shoals:3 | Bought a scroll of recharging for 95 gold pieces
 87021 | Elf:2    | Bought 3 scrolls of recharging for 427 gold pieces
 87021 | Elf:2    | Bought a scroll of magic mapping for 52 gold pieces
 87358 | Depths:4 | Bought a scroll of magic mapping for 42 gold pieces
 87962 | Pan      | Entered Pandemonium
 88068 | Pan      | Found an exit through the horrors of the Abyss.
 88095 | Pan      | Reached skill level 26 in Dodging
 88114 | Pan      | Noticed Chunkuom the pandemonium lord
 88122 | Pan      | Killed Chunkuom the pandemonium lord
 88236 | Pan      | Reached skill level 18 in Transmutations
 88935 | Pan      | Found an exit through the horrors of the Abyss.
 89151 | Pan      | Noticed Apnest the pandemonium lord
 89162 | Pan      | Killed Apnest the pandemonium lord
 89425 | Pan      | Identified a wand of hasting (You acquired it in Pandemonium)
 89517 | Pan      | Noticed Tiokoh the pandemonium lord
 89525 | Pan      | Reached skill level 16 in Spellcasting
 89538 | Pan      | Killed Tiokoh the pandemonium lord
 89604 | Pan      | Found an exit through the horrors of the Abyss.
 90061 | Pan      | Found an exit through the horrors of the Abyss.
 90300 | Pan      | Noticed Gheomp the pandemonium lord
 90315 | Pan      | Killed Gheomp the pandemonium lord
 90650 | Pan      | Reached skill level 19 in Transmutations
 90820 | Pan      | Noticed Pladaps the pandemonium lord
 90828 | Pan      | Killed Pladaps the pandemonium lord
 90890 | Pan      | Found an exit through the horrors of the Abyss.
 91109 | Pan      | Found a basalt altar of Yredelemnul.
 91156 | Pan      | Noticed Bosegh the pandemonium lord
 91167 | Pan      | Killed Bosegh the pandemonium lord
 91167 | Pan      | Reached skill level 27 in Dodging
 91200 | Pan      | Got a demonic rune of Zot
 91265 | Pan      | Entered the realm of Cerebov.
 91266 | Pan      | good landing spot
 91274 | Pan      | Noticed Cerebov
 91298 | Pan      | Killed Cerebov
 91299 | Pan      | what a spell
 91352 | Pan      | Got a fiery rune of Zot
 91413 | Pan      | Reached skill level 17 in Spellcasting
 91710 | Pan      | Noticed Prasig the pandemonium lord
 91711 | Pan      | good disco
 91723 | Pan      | Killed Prasig the pandemonium lord
 91881 | Pan      | Paralysed by a torturous chaos champion for 4 turns
 91885 | Pan      | um
 91885 | Pan      | oh yeah these guys have smite-targeted irresistible paralyse
 92011 | Pan      | Found a runed door.
 92112 | Pan      | Reached skill level 20 in Transmutations
 92294 | Pan      | Noticed Mennas
 92309 | Pan      | Killed Mennas
 92471 | Pan      | Found an exit through the horrors of the Abyss.
 92792 | Pan      | Noticed Uzy Skeq the pandemonium lord
 92812 | Pan      | Killed Uzy Skeq the pandemonium lord
 92818 | Pan      | Reached skill level 18 in Spellcasting
 92954 | Pan      | Noticed Chent the pandemonium lord
 92963 | Pan      | Killed Chent the pandemonium lord
 93003 | Pan      | Found an exit through the horrors of the Abyss.
 93034 | Depths:2 | Escaped Pandemonium
 93041 | Pan      | Entered Pandemonium
 93238 | Pan      | Found an exit through the horrors of the Abyss.
 93361 | Pan      | Found a gateway to a ziggurat.
 93373 | Pan      | Paralysed by a giant eyeball for 2 turns
 93530 | Pan      | Found an exit through the horrors of the Abyss.
 93633 | Pan      | Noticed Quodextes the pandemonium lord
 93638 | Pan      | Killed Quodextes the pandemonium lord
 93638 | Pan      | Reached skill level 21 in Transmutations
 93712 | Pan      | Got a translucent wooden ring
 93714 | Pan      | Identified the ring of the Yeti {+Fly rC- MR++} (You found it in Pandemonium)
 93978 | Zig:1    | Entered Level 1 of a ziggurat
 93997 | Zig:2    | Entered Level 2 of a ziggurat
 94175 | Zig:3    | Entered Level 3 of a ziggurat
 94204 | Zig:4    | Entered Level 4 of a ziggurat
 94224 | Zig:4    | Got a wavering golden amulet
 94388 | Zig:5    | Entered Level 5 of a ziggurat
 94444 | Zig:5    | Got a wavering lead ring
 94446 | Zig:5    | Identified the amulet of Aptidghi {Spirit rC++} (You found it on level 4 of a ziggurat)
 94447 | Zig:5    | Identified the ring of the Lonely Wonders {rC+ Dex+2 Slay+3} (You found it on level 5 of a ziggurat)
 94766 | Zig:6    | Entered Level 6 of a ziggurat
 94784 | Zig:6    | Gained mutation: You heal slowly when monsters are visible. [a neqoxec]
 95038 | Zig:7    | Entered Level 7 of a ziggurat
 95047 | Zig:7    | Reached skill level 19 in Spellcasting
 95066 | Zig:7    | Lost mutation: You heal slowly when monsters are visible. [potion of cure mutation]
 95448 | Zig:8    | Entered Level 8 of a ziggurat
 95485 | Zig:8    | Identified Lehudib's Reference Book on Arcane Weapons
 95714 | Zig:9    | Entered Level 9 of a ziggurat
 95907 | Zig:10   | Entered Level 10 of a ziggurat
 95960 | Zig:10   | Identified a potion of experience
 95960 | Zig:10   | Reached skill level 22 in Transmutations
 96106 | Zig:11   | Entered Level 11 of a ziggurat
 96161 | Zig:11   | Got a pitted sapphire amulet
 96163 | Zig:11   | Identified the amulet "Ishrahing" {Gourm +Fly SInv} (You found it on level 11 of a ziggurat)
 96183 | Zig:11   | Learned a level 4 spell: Alistair's Intoxication
 96300 | Zig:12   | Entered Level 12 of a ziggurat
 96490 | Zig:12   | Learned a level 4 spell: Control Teleport
 96507 | Zig:13   | Entered Level 13 of a ziggurat
 96518 | Zig:13   | Noticed an ancient lich
 96523 | Zig:13   | wow cause fear
 96529 | Zig:13   | Noticed an ancient lich
 96542 | Zig:13   | Killed an ancient lich
 96542 | Zig:13   | Reached skill level 20 in Spellcasting
 96567 | Zig:13   | Killed an ancient lich
 96594 | Zig:13   | Reached skill level 6 in Necromancy
 96608 | Zig:13   | Got a crude steel ring
 96642 | Zig:13   | Identified the ring of Irrepressible Laughter {+Fly rN+ Int+1 Dex+4} (You found it on level 13 of a ziggurat)
 96749 | Zig:14   | Entered Level 14 of a ziggurat
 96765 | Zig:14   | uh oh
 96911 | Zig:14   | Gained mutation: You are agile. (Dex +2) [mutagenic glow]
 96916 | Zig:14   | Reached skill level 23 in Transmutations
 96950 | Zig:14   | Identified the Tome of the Special Stars
 97175 | Zig:14   | Got a wavering silver ring
 97178 | Zig:14   | Identified the ring "Doubb" {rF+ MP+9 Slay-4} (You found it on level 14 of a ziggurat)
 97209 | Zig:14   | Got a shimmering golden ring
 97214 | Zig:14   | Identified the ring "Twih" {rElec rN+} (You found it on level 14 of a ziggurat)
 97225 | Zig:14   | Got a serpentine brass ring
 97228 | Zig:14   | Identified the ring "Klanke" {-Cast rF+ Slay+2} (You found it on level 14 of a ziggurat)
 97252 | Zig:15   | Entered Level 15 of a ziggurat
 97272 | Zig:15   | Noticed Qacvinumotz the pandemonium lord
 97292 | Zig:15   | Killed Qacvinumotz the pandemonium lord
 97306 | Zig:15   | Reached skill level 21 in Spellcasting
 97395 | Zig:15   | that's not healing
 97444 | Zig:15   | what does that even do
 97510 | Zig:16   | Entered Level 16 of a ziggurat
 97551 | Zig:16   | Noticed Zutoteep the pandemonium lord
 97565 | Zig:16   | Killed Zutoteep the pandemonium lord
 97576 | Zig:16   | Gained mutation: You tend to lose your temper in combat. [a cacodemon]
 97642 | Zig:16   | Reached skill level 8 in Necromancy
 98080 | Pan      | good
 98115 | Pan      | Lost mutation: You are agile. (Dex +2) [potion of cure mutation]
 98115 | Pan      | Lost mutation: You tend to lose your temper in combat. [potion of cure mutation]
 98142 | Depths:2 | Escaped Pandemonium
 98164 | Depths:2 | oh hey there's a bazaar in this game
 98617 | Bazaar   | Entered a bazaar
 98617 | Bazaar   | Found Steowaepp's Food Emporium.
 98617 | Bazaar   | Found Mnuy's Book Emporium.
 98618 | Bazaar   | Found Twei's Assorted Antiques.
 98618 | Bazaar   | Found Neaxywah's Gadget Shoppe.
 98634 | Bazaar   | Bought a potion of cancellation for 120 gold pieces
 98634 | Bazaar   | Bought a potion of haste for 150 gold pieces
 98660 | Elf:2    | Bought a Necronomicon for 1766 gold pieces
 98660 | Elf:2    | oh no i can't necromut
 99833 | Pan      | Entered Pandemonium
 99957 | Pan      | Reached skill level 9 in Necromancy
100013 | Pan      | Reached skill level 10 in Necromancy
100189 | Pan      | Reached skill level 11 in Necromancy
100230 | Pan      | Found an exit through the horrors of the Abyss.
100267 | Pan      | Entered the realm of Lom Lobon.
100330 | Pan      | Found an exit through the horrors of the Abyss.
100614 | Pan      | Reached skill level 12 in Necromancy
101013 | Pan      | Noticed Lom Lobon
101040 | Pan      | Killed Lom Lobon
101040 | Pan      | Reached skill level 13 in Necromancy
101062 | Pan      | Got a magical rune of Zot
101141 | Pan      | Learned a level 8 spell: Necromutation
101498 | Pan      | Reached skill level 14 in Necromancy
101502 | Pan      | Noticed Psar the pandemonium lord
101504 | Pan      | Killed Psar the pandemonium lord
101674 | Pan      | Found an exit through the horrors of the Abyss.
101677 | Pan      | Noticed Imisim the pandemonium lord
101691 | Pan      | Killed Imisim the pandemonium lord
101691 | Pan      | Reached skill level 15 in Necromancy
101967 | Pan      | Noticed Esmisch the pandemonium lord
101980 | Pan      | Killed Esmisch the pandemonium lord
101980 | Pan      | Reached skill level 16 in Necromancy
102096 | Pan      | Entered the realm of Mnoleg.
102196 | Pan      | Gained mutation: Your body is misshapen. [a neqoxec]
102231 | Pan      | Paralysed by a giant eyeball for 3 turns
102364 | Pan      | Lost mutation: Your body is misshapen. [potion of cure mutation]
102507 | Pan      | Reached skill level 17 in Necromancy
102520 | Pan      | Noticed Mnoleg
102552 | Pan      | Killed Mnoleg
102607 | Pan      | Got a glowing rune of Zot
102705 | Pan      | Found an exit through the horrors of the Abyss.
102787 | Pan      | Reached skill level 18 in Necromancy
102841 | Pan      | Noticed Thrafiaq the pandemonium lord
102858 | Pan      | Killed Thrafiaq the pandemonium lord
102995 | Pan      | Noticed Poaruish the pandemonium lord
103004 | Pan      | Killed Poaruish the pandemonium lord
103037 | Pan      | Entered the realm of Gloorx Vloq.
103307 | Pan      | Found an exit through the horrors of the Abyss.
103572 | Pan      | Reached skill level 19 in Necromancy
103738 | Pan      | Reached skill level 24 in Transmutations
103896 | Pan      | Noticed Gloorx Vloq
103904 | Pan      | Killed Gloorx Vloq
103904 | Pan      | Reached skill level 22 in Spellcasting
103915 | Pan      | Got a dark rune of Zot
104057 | Pan      | Took an exit into the Abyss.
104057 | Abyss:1  | Escaped into the Abyss
104057 | Abyss:1  | Found a corrupted altar of Lugonu.
104058 | Abyss:1  | Found a corrupted altar of Lugonu.
104093 | Depths:2 | Escaped the Abyss
104107 | Depths:2 | Learned a level 8 spell: Borgnjor's Revivification
104352 | D:14     | Bought a potion of curing for 39 gold pieces
104352 | D:14     | Bought a potion of curing for 39 gold pieces
104352 | D:14     | Bought a potion of curing for 39 gold pieces
104417 | D:12     | Bought a potion of curing for 39 gold pieces
104417 | D:12     | Bought a potion of curing for 39 gold pieces
104619 | Vaults:4 | Bought a potion of curing for 84 gold pieces
104865 | D:15     | You paid a toll of 19 potions of curing to enter a treasure trove
104866 | Trove    | Entered a treasure trove
104866 | Trove    | Identified a wand of heal wounds
104869 | Trove    | good
105115 | Temple   | Entered the Ecumenical Temple
105953 | Tomb:1   | Entered Level 1 of the Tomb of the Ancients
106665 | Elf:3    | Learned a level 5 spell: Dispel Undead
108450 | Tomb:2   | Noticed Boris
108731 | Tomb:1   | Reached skill level 20 in Necromancy
109220 | Tomb:2   | Killed Boris
109792 | Tomb:2   | Reached skill level 21 in Necromancy
110492 | Tomb:1   | Reached skill level 22 in Necromancy
111017 | Tomb:1   | Reached skill level 23 in Necromancy
111919 | Tomb:3   | Entered Level 3 of the Tomb of the Ancients
111942 | Tomb:2   | Reached skill level 24 in Necromancy
112224 | Tomb:3   | Noticed an ancient lich
112240 | Tomb:3   | Killed an ancient lich
113118 | Tomb:3   | Got a brightly glowing pewter ring
113123 | Tomb:3   | Identified Ydifaf's Guide on Changing
113246 | Tomb:3   | Reached skill level 25 in Necromancy
113539 | Tomb:3   | Got a golden rune of Zot
113769 | Tomb:3   | Got a faintly glowing ruby amulet
113772 | Tomb:3   | Identified the amulet "Jiolimne" {rCorr Int-3 Dex+4} (You found it on level 3 of the Tomb of the Ancients)
113774 | Tomb:3   | Identified the cursed ring of Alemairu {rF+ Stlth-} (You found it on level 3 of the Tomb of the Ancients)
115096 | Elf:2    | Bought a scroll of enchant weapon for 112 gold pieces
118992 | Zig:1    | Entered Level 1 of a ziggurat
119010 | Zig:2    | Entered Level 2 of a ziggurat
119026 | Zig:3    | Entered Level 3 of a ziggurat
119140 | Zig:4    | Entered Level 4 of a ziggurat
119342 | Zig:5    | Entered Level 5 of a ziggurat
119470 | Zig:6    | Entered Level 6 of a ziggurat
119506 | Zig:6    | Got a coiled ruby amulet
119527 | Zig:6    | Identified the amulet "Jeczeen" {rCorr MR+} (You found it on level 6 of a ziggurat)
119549 | Zig:7    | Entered Level 7 of a ziggurat
119611 | Zig:7    | Identified Witchcraft Continued (You found it on level 7 of a ziggurat)
119617 | Zig:8    | Entered Level 8 of a ziggurat
119633 | Zig:8    | Cast into the Abyss (an apocalypse crab)
119683 | Abyss:1  | Killed Rupert
119893 | Abyss:1  | Gained mutation: You are clumsy. (Dex -2) [a neqoxec]
119894 | Abyss:1  | Gained mutation: Your body is misshapen. [a neqoxec]
119909 | Abyss:1  | Reached skill level 25 in Transmutations
119937 | Abyss:1  | Found a corrupted altar of Lugonu.
120210 | Abyss:1  | SGrunt: this looks suspiciously not like abyss
120370 | Abyss:2  | Reached skill level 23 in Spellcasting
120428 | Abyss:2  | Found a corrupted altar of Lugonu.
120449 | Abyss:2  | where are my staircases
120507 | Abyss:2  | Lost mutation: Your body is misshapen. [potion of cure mutation]
120507 | Abyss:2  | Lost mutation: You are clumsy. (Dex -2) [potion of cure mutation]
120676 | Abyss:3  | Found a corrupted altar of Lugonu.
120951 | Abyss:4  | Got an abyssal rune of Zot
121090 | Abyss:5  | Entered Level 5 of the Abyss
121141 | Zig:8    | Escaped the Abyss
121305 | Zig:9    | Entered Level 9 of a ziggurat
121317 | Zig:9    | Noticed Fruotzuw the pandemonium lord
121326 | Zig:9    | Killed Fruotzuw the pandemonium lord
121351 | Zig:9    | Got a coiled emerald amulet
121362 | Zig:9    | Identified the cursed amulet "Deisch" {Clar Dex-2 Slay+6} (You found it on level 9 of a ziggurat)
121363 | Zig:9    | not bad i guess
121363 | Zig:9    | i'll take clarity over relec!
121368 | Zig:10   | Entered Level 10 of a ziggurat
121538 | Zig:10   | Got a smoking sapphire amulet
121540 | Zig:10   | Identified the amulet of Guawoqup {rC+ Str+1 Regen} (You found it on level 10 of a ziggurat)
121748 | Zig:11   | Entered Level 11 of a ziggurat
121770 | Zig:11   | ow
121786 | Zig:11   | SGrunt: really op
121942 | Zig:12   | Entered Level 12 of a ziggurat
121951 | Zig:12   | Noticed Thrias the pandemonium lord
121952 | Zig:12   | mm pan lords
121954 | Zig:12   | Noticed Psyts the pandemonium lord
121959 | Zig:12   | Killed Thrias the pandemonium lord
121964 | Zig:12   | Killed Psyts the pandemonium lord
121966 | Zig:12   | Reached skill level 26 in Transmutations
122002 | Zig:12   | Identified Otonooly's Papyrus of the Glacial Oath (You found it on level 12 of a ziggurat)
122002 | Zig:12   | Got a scorched wooden ring
122005 | Zig:12   | Identified the ring "Pemagy" {rPois rN+} (You found it on level 12 of a ziggurat)
122174 | Zig:13   | Entered Level 13 of a ziggurat
122192 | Zig:13   | Gained mutation: You are frail (-10% HP). [a shining eye]
122202 | Zig:13   | Reached skill level 24 in Spellcasting
122241 | Zig:13   | Lost mutation: You are frail (-10% HP). [potion of cure mutation]
122322 | Zig:13   | Got a bound silver ring
122324 | Zig:13   | Identified the cursed ring of Wahilan {Int-3 Slay-1} (You found it on level 13 of a ziggurat)
122459 | Zig:14   | Entered Level 14 of a ziggurat
122478 | Zig:14   | Reached skill level 26 in Necromancy
122575 | Zig:14   | Got a smoking golden ring
122575 | Zig:14   | Identified the Grimoire of Warped Companions (You found it on level 14 of a ziggurat)
122575 | Zig:14   | Got an ancient platinum ring
122577 | Zig:14   | Got a scorched iron ring
122579 | Zig:14   | Identified the ring "Qiaq" {+Inv rN+ Stlth-} (You found it on level 14 of a ziggurat)
122583 | Zig:14   | Identified the ring of Nobility {SustAb rElec Stlth+} (You found it on level 14 of a ziggurat)
122586 | Zig:14   | Identified the ring "Laarch" {SustAb rF+} (You found it on level 14 of a ziggurat)
122657 | Zig:15   | Entered Level 15 of a ziggurat
122673 | Zig:15   | Noticed an ancient lich
122687 | Zig:15   | SGrunt: a Tm with lich form, what has crawl come to
122687 | Zig:15   | Reached skill level 27 in Necromancy
122696 | Zig:15   | Killed an ancient lich
122702 | Zig:15   | actually punching things with my drain tentacles
122803 | Zig:15   | SGrunt: what.
122804 | Zig:15   | in lichform!
122901 | Zig:16   | Entered Level 16 of a ziggurat
122921 | Zig:16   | SGrunt: POWER LEAP!!!
122938 | Zig:16   | SGrunt: todo: hydranado
122938 | Zig:16   | mmm
122959 | Zig:16   | SGrunt: that actually sounds counterproductive
123176 | Zig:17   | Entered Level 17 of a ziggurat
123195 | Zig:17   | wow that's a good spell against hydras
123197 | Zig:17   | SGrunt: ahahahahahaha glorious
123205 | Zig:17   | also why is that shock serpent thing square
123205 | Zig:17   | alternatively: why aren't all other things square
123236 | Zig:17   | SGrunt: I only discovered it was square recently, when I added the drawing for it
123250 | Zig:17   | SGrunt: I knew it was weird but I wanted to see how weird it was
123404 | Zig:18   | Entered Level 18 of a ziggurat
123419 | Zig:18   | hi
123457 | Zig:18   | Reached skill level 27 in Transmutations
123532 | Zig:18   | Reached skill level 25 in Spellcasting
123963 | Zig:18   | good
123963 | Zig:18   | no
124014 | Zig:18   | SGrunt: wow Robustness and Shaolin
124014 | Zig:18   | stylish
124017 | Zig:18   | SGrunt: ya
124017 | Zig:18   | SGrunt: so when do we get a SH+8 ring
124019 | Zig:18   | SGrunt: good
124019 | Zig:18   | that was 3 scrolls! rubbish imo
124024 | Zig:19   | Entered Level 19 of a ziggurat
124068 | Zig:19   | Reached skill level 26 in Spellcasting
124250 | Zig:20   | Entered Level 20 of a ziggurat
124293 | Zig:20   | Gained mutation: You are frail (-10% HP). [a shining eye]
124304 | Zig:20   | Gained mutation: You are very frail (-20% HP). [a shining eye]
124315 | Zig:20   | Lost mutation: You are very frail (-20% HP). [a shining eye]
124368 | Zig:20   | SGrunt: aw I was hoping that was actually robust
124368 | Zig:20   | that would have been nice
124383 | Zig:20   | Lost mutation: You are frail (-10% HP). [potion of cure mutation]
124385 | Zig:20   | SGrunt: fr differentiate those messages
124533 | Zig:20   | Got a flickering wooden ring
124534 | Zig:20   | Reached skill level 27 in Spellcasting
124535 | Zig:20   | Got a vibrating brass amulet
124537 | Zig:20   | Identified the amulet of Skaemish {Spirit +Rage Slay-2} (You found it on level 20 of a ziggurat)
124543 | Zig:20   | Identified the ring "Streit" {Str+1 Dex+5} (You found it on level 20 of a ziggurat)
124553 | Zig:20   | Learned a level 4 spell: Condensation Shield
124698 | Zig:20   | what a spell
124732 | Zig:20   | i wonder if it's actually good with skill
124744 | Zig:20   | SGrunt: imo train ice magic and find out??
124744 | Zig:20   | i will!
124747 | Zig:21   | Entered Level 21 of a ziggurat
124749 | Zig:21   | Noticed asdu's ghost (legendary DDBe)
124749 | Zig:21   | good
124749 | Zig:21   | SGrunt: hi
124764 | Zig:21   | Killed asdu's ghost
124764 | Zig:21   | Reached skill level 3 in Ice Magic
124772 | Zig:21   | mm shadows
124786 | Zig:21   | that's some shadow fiends
124789 | Zig:21   | Reached skill level 4 in Ice Magic
124789 | Zig:21   | Reached skill level 5 in Ice Magic
124789 | Zig:21   | Reached skill level 6 in Ice Magic
124790 | Zig:21   | SGrunt: too bad they're not going to do much
124794 | Zig:21   | probably they'll all dispel me at once
124794 | Zig:21   | SGrunt: did you hear what hangedman wants to do with shadow fiends
124794 | Zig:21   | no, what
124794 | Zig:21   | SGrunt: AF_SHADOW_CREATURES
124794 | Zig:21   | . . . . .
124794 | Zig:21   | SGrunt: no, nobody else understands this
124802 | Zig:21   | um
124805 | Zig:21   | Reached skill level 7 in Ice Magic
124819 | Zig:21   | Reached skill level 8 in Ice Magic
124834 | Zig:21   | Reached skill level 9 in Ice Magic
125014 | Zig:21   | Reached skill level 11 in Ice Magic
125149 | Zig:21   | Got a glittering amber ring
125151 | Zig:21   | Reached skill level 12 in Ice Magic
125153 | Zig:21   | Identified the ring of the Four Moons {+Fly rC+ Str+3 Dex+4 Stlth-} (You found it on level 21 of a ziggurat)
125162 | Zig:22   | Entered Level 22 of a ziggurat
125190 | Zig:22   | Reached skill level 13 in Ice Magic
125310 | Zig:22   | Got a smoking lead ring
125447 | Zig:22   | Got a steaming bone amulet
125448 | Zig:22   | hi where's my controlled blink
125454 | Zig:22   | Learned a level 5 spell: Phase Shift
125456 | Zig:22   | Reached skill level 7 in Translocations
125458 | Zig:22   | Identified the amulet of the Butterfly {Spirit Str+3 Int+2} (You found it on level 22 of a ziggurat)
125463 | Zig:22   | Identified the ring "Stauzu" {+Inv Slay+2} (You found it on level 22 of a ziggurat)
125624 | Zig:23   | Entered Level 23 of a ziggurat
125648 | Zig:23   | Reached skill level 14 in Ice Magic
125648 | Zig:23   | Reached skill level 8 in Translocations
125659 | Zig:23   | Reached skill level 9 in Translocations
125686 | Zig:23   | Reached skill level 15 in Ice Magic
125698 | Zig:23   | Identified the Papyrus of Talismans
125884 | Zig:23   | Identified Advanced Steps in Casting (You found it on level 23 of a ziggurat)
125884 | Zig:23   | Identified the Collected Works on Frigorific Translocation (You found it on level 23 of a ziggurat)
125892 | Zig:23   | Learned a level 6 spell: Ozocubu's Refrigeration
125895 | Zig:23   | Got a coiled brass ring
125897 | Zig:23   | Identified the ring of a Thousand Mice {SustAb rC++ Int+3} (You found it on level 23 of a ziggurat)
125900 | Zig:23   | SGrunt: hm, refrig zig
125906 | Zig:24   | Entered Level 24 of a ziggurat
125914 | Zig:24   | SGrunt: good
125925 | Zig:24   | Noticed Miyamura's ghost (legendary SpEn)
125930 | Zig:24   | wow
125934 | Zig:24   | SGrunt: amazing
125954 | Zig:24   | this thing has some ev
125954 | Zig:24   | also that spell i guess
125954 | Zig:24   | Killed Miyamura's ghost
125962 | Zig:24   | Noticed an ancient lich
125963 | Zig:24   | SGrunt: it didn't even have time to do anything, rip
125981 | Zig:24   | Reached skill level 10 in Translocations
125997 | Zig:24   | Killed an ancient lich
126015 | Zig:24   | ow
126017 | Zig:24   | SGrunt: this calls for the great annihilating truth imo
126017 | Zig:24   | SGrunt: good
126028 | Zig:24   | Reached skill level 11 in Translocations
126056 | Zig:24   | Reached skill level 16 in Ice Magic
126106 | Zig:24   | Reached skill level 12 in Translocations
126533 | Zig:24   | Got a coiled tin amulet
126533 | Zig:24   | Got a warped iron ring
126537 | Zig:24   | Identified the amulet of the Dragon {Gourm Int+1} (You found it on level 24 of a ziggurat)
126543 | Zig:24   | Identified the ring of Pipp {MR+ Int+4 Dex+4 Stlth-} (You found it on level 24 of a ziggurat)
126549 | Zig:25   | Entered Level 25 of a ziggurat
126597 | Zig:25   | Reached skill level 13 in Translocations
126597 | Zig:25   | Reached skill level 17 in Ice Magic
126611 | Zig:25   | this could be awkward
126612 | Zig:25   | oh
126612 | Zig:25   | SGrunt: HW
126612 | Zig:25   | SGrunt: oh
126613 | Zig:25   | HP: 1/224 [Executioner (23)]
126613 | Zig:25   | Slain by an Executioner

Vanquished Creatures
  Antaeus (Nor:7)
  Asmodeus (Geh:7)
  Cerebov (Pan)
  the royal jelly (Slime:6)
  the Serpent of Hell (Geh:7)
  Ereshkigal (Tar:7)
  Gloorx Vloq (Pan)
  Mnoleg (Pan)
  Dispater (Dis:7)
  Lom Lobon (Pan)
  2 orbs of fire
  7 ancient liches
  The ghost of asdu the Executioner, a legendary DDBe of Makhleb (Zig:21)
  55 greater mummies
  The ghost of Miyamura the Plane Walker, a legendary SpEn of Ashenzari (Zig:24)
  Boris (twice) (Vaults:5 Tomb:2)
  Sojobo (Vaults:5)
  Saint Roka (Vaults:1)
  11 shard shrikes
  A curse toe (Zot:2)
  7 Killer Klowns
  Mennas (Pan)
  Geryon (Hell)
  13 golden dragons
  4 profane servitors
  Jory (Crypt:1)
  20 pandemonium lords
  10 bone dragons
  A shard shrike zombie (Crypt:2)
  A caustic shrike (shapeshifter) (Depths:2)
  An electric golem (Zot:5)
  31 Brimstone Fiends
  16 liches
  20 Hell Sentinels
  23 tentacled monstrosities
  3 quicksilver dragons
  13 Ice Fiends
  8 Orb Guardians (Zot:5)
  7 deep elf blademasters
  Asterion (Snake:1)
  2 deep elf master archers (Elf:3)
  30 Shadow Fiends
  6 titans
  35 acid blobs
  Murray (Hell)
  Polyphemus (Shoals:5)
  11 tentacled starspawn
  9 sphinxes
  12 warmongers
  Rupert (Abyss:1)
  43 Executioners
  13 shadow dragons
  Kirke (Snake:1)
  3 thorn hunters (WizLab)
  11 ancient champions
  13 revenants
  A daeva (Depths:4)
  18 storm dragons
  17 azure jellies
  13 blood saints
  6 tengu reavers (Vaults:5)
  A draconian monk (Zot:5)
  Ilsuiw (Shoals:5)
  16 greater nagas
  A frost giant (shapeshifter) (Depths:2)
  Wiglaf (Shoals:5)
  A fire giant (shapeshifter) (Zig:12)
  Maud (D:15)
  3 draconian knights
  6 draconian scorchers
  8 deep elf sorcerers
  16 vault wardens
  17 iron dragons
  Louise (Shoals:5)
  13 fire giants
  11 frost giants
  An emperor scorpion (shapeshifter) (Zig:12)
  7 curse skulls
  5 draconian zealots
  11 ghost moths
  43 balrugs
  Gastronok (Lair:1)
  15 emperor scorpions
  29 cacodemons
  An orc warlord (Orc:4)
  A ghost moth (shapeshifter) (Depths:2)
  An angel (Pan)
  7 draconian annihilators
  26 war gargoyles
  Jorgrun (Snake:4)
  14 ghouls
  2 spriggan defenders (Depths:4)
  16 ironheart preservers
  28 stone giants
  12 vampire knights
  15 very ugly things
  4 draconian callers
  15 salamander firebrands
  2 elemental wellsprings (Nor:7)
  3 draconian shifters
  6 grey draconians
  7 pale draconians
  5 green draconians
  A dire elephant (Depths:3)
  68 reapers
  4 yellow draconians
  11 deep elf demonologists
  9 corrupters
  28 deep elf annihilators
  9 lorocyprocas
  6 purple draconians
  12 starcursed masses
  8 bennus
  Azrael (D:14)
  12 black suns
  6 black draconians
  10 chaos champions
  6 mottled draconians
  9 red draconians
  4 white draconians
  7 unborn
  2 spectral caustic shrikes
  A caustic shrike zombie (Zig:22)
  14 eidola
  13 death oozes
  14 deep elf death magi
  An ettin (shapeshifter) (Vaults:5)
  A quicksilver dragon zombie (Tar:7)
  9 ettins
  8 merfolk javelineers
  9 jiangshi
  A great orb of eyes (shapeshifter) (Depths:2)
  22 crystal guardians
  25 green deaths
  15 fire dragons
  31 vault guards
  11 merfolk impalers
  37 blizzard demons
  8 deep elf high priests
  2 hydras (shapeshifter)
  A spectral golden dragon (Zig:10)
  3 spectral quicksilver dragons
  11 great orbs of eyes
  A kraken zombie (Nor:3)
  40 mummy priests
  2 minotaurs
  11 hydras
  12 rakshasas
  Fannar (Orc:3)
  8 hell beasts
  19 yaktaur captains
  7 death cobs
  A spectral shadow dragon (Zig:18)
  A ghost crab (shapeshifter) (Depths:2)
  4 spectral tengu
  6 ghost crabs
  13 naga warriors
  A spectral sphinx (Zig:10)
  3 quicksilver dragon skeletons
  12 monstrous demonspawn (Pan)
  Nessos (Orc:3)
  4 spriggan air magi (Depths:3)
  22 ice dragons
  6 merfolk avatars
  13 ogre magi
  7 anacondas
  3 satyrs
  40 dancing weapons
  5 merfolk aquamancers
  41 death yaks
  4 alligator snapping turtles
  An alligator (Zig:11)
  7 deep troll earth magi
  13 thrashing horrors
  11 deep troll shamans
  3 anacondas (shapeshifter) (Depths:2)
  17 centaur warriors
  A death yak (shapeshifter) (Depths:2)
  A spectral fire giant (Tomb:2)
  6 holy swine (Pan)
  3 orc high priests (Orc:4)
  A shock serpent (shapeshifter) (Depths:4)
  5 titan zombies
  5 spriggan berserkers
  19 naga sharpshooters
  4 catoblepae
  A spectral storm dragon (Zig:11)
  8 vampire magi
  6 death knights
  5 hell hogs
  8 iron golems
  48 soul eaters
  Nergalle (Orc:2)
  33 shadow wraiths
  2 spriggans (Zig:11)
  7 shock serpents
  32 hell knights
  4 titan skeletons
  31 deep elf knights
  78 skeletal warriors
  7 wretched stars
  A fire crab (shapeshifter) (Depths:2)
  A cherub (Pan)
  6 storm dragon zombies
  86 death scarabs
  A spectral purple draconian (Zig:10)
  A fire crab (Vaults:3)
  2 spatial maelstroms
  2 storm dragon skeletons (Vaults:3)
  15 sea snakes
  53 sun demons
  12 unseen horrors
  A caustic shrike simulacrum (Zig:14)
  8 anaconda zombies
  23 deep trolls
  4 iron trolls
  6 salamander mystics
  A death drake (Tar:1)
  An unseen horror (shapeshifter) (Depths:4)
  13 golden dragon zombies
  A swamp dragon (shapeshifter) (Vaults:5)
  4 ball lightnings (Depths:2)
  21 flayed ghosts
  A kraken simulacrum (Hell)
  5 ghost moth zombies
  14 infernal demonspawn (Pan)
  6 naga ritualists
  40 ice devils
  2 spriggan druids
  5 swamp dragons
  22 gelid demonspawn (Pan)
  20 putrid demonspawn
  12 mana vipers
  10 ice statues
  3 shambling mangroves
  The ghost of MarvinPA the Insei, an experienced OpTm of Ru (D:7)
  21 shadow demons
  10 torturous demonspawn (Pan)
  20 deep elf summoners
  2 obsidian statues
  2 golden dragon skeletons (Pan)
  8 anaconda skeletons
  37 anubis guards
  3 tengu zombies
  17 giant orange brains
  8 hill giants
  14 orc knights
  2 sphinx zombies
  An orb spider (shapeshifter) (Vaults:5)
  13 ironbrand convokers
  6 shadow dragon zombies
  A spectral hydra (Zig:10)
  17 necromancers
  11 wizards
  7 shadow dragon skeletons
  7 wolf spider zombies
  22 deep elf conjurers
  7 fire giant zombies
  A shining eye (shapeshifter) (Vaults:4)
  10 orc sorcerers
  11 cyclopes
  6 frost giant zombies
  37 harpies
  14 oklob plants
  6 wolf spiders
  3 draconians (shapeshifter) (Depths:4)
  A griffon (shapeshifter) (Depths:2)
  2 red wasps (shapeshifter) (Depths:4)
  16 shining eyes
  2 iron dragon zombies
  A human zombie (Vaults:5)
  5 stone giant zombies
  8 water nymphs
  34 sixfirhies
  3 red wasps
  9 fauns
  10 griffons
  17 phantasmal warriors
  44 ugly things
  A salamander (shapeshifter) (Vaults:5)
  3 tengu skeletons
  30 salamanders
  2 sphinx skeletons
  12 sirens
  9 iron dragon skeletons
  20 moths of wrath
  2 death scarab zombies (Tomb:2)
  A manticore (shapeshifter) (Depths:2)
  10 worldbinders
  11 eyes of devastation
  2 titan simulacra
  3 fire giant skeletons
  4 frost giant skeletons
  4 dire elephant zombies
  23 elephants
  14 vault sentinels
  3 stone giant skeletons
  17 small abominations
  4 guardian serpents
  63 smoke demons
  2 shock serpent zombies
  A guardian serpent (shapeshifter) (Elf:1)
  13 manticores
  26 naga magi
  46 rust devils
  4 molten gargoyles (Geh:7)
  51 black mambas
  A torpor snail (shapeshifter) (Vaults:3)
  7 apocalypse crabs
  3 spectral elves
  6 torpor snails
  2 orange crystal statues
  2 kobold demonologists (Vaults:1)
  14 gargoyles
  8 komodo dragons
  A spectral swamp worm (Tar:7)
  An emperor scorpion zombie (Nor:7)
  3 dire elephant skeletons
  48 orange demons
  4 fire drakes
  17 spiny frogs
  A yaktaur (shapeshifter) (Depths:4)
  A yellow draconian zombie (Dis:3)
  34 hellions
  A queen ant (Lair:3)
  11 efreet
  A yaktaur zombie (Depths:1)
  45 tormentors
  A golden dragon simulacrum (Zig:18)
  A ghost moth simulacrum (Tomb:1)
  A komodo dragon (shapeshifter) (Depths:3)
  21 demonic crawlers
  A spectral catoblepas (Zig:10)
  A spectral harpy (Tar:6)
  64 red devils
  79 guardian mummies
  4 minotaur zombies
  2 spectral glowing shapeshifters (Zig:10)
  A giant leech (Zig:10)
  25 freezing wraiths
  31 yaktaurs
  A sea snake skeleton (Crypt:2)
  66 hellwings
  8 silent spectres
  2 tengu conjurers
  A yaktaur skeleton (Vaults:3)
  11 trolls
  6 ancient zymes
  2 white draconian skeletons (Crypt:1)
  An anaconda simulacrum (Nor:7)
  14 deep elf priests
  A fire drake (shapeshifter) (Elf:1)
  3 harpy zombies
  5 jumping spiders
  A polar bear (shapeshifter) (Depths:4)
  11 hydra zombies
  3 minotaur skeletons
  2 ghoul skeletons (Crypt:1)
  A queen bee (shapeshifter) (Depths:5)
  A jumping spider (shapeshifter) (Depths:4)
  46 merfolk
  A spectral trapdoor spider (Zig:10)
  A troll (shapeshifter) (Depths:4)
  18 blink frogs
  A raiju (shapeshifter) (Depths:2)
  A catoblepas zombie (Dis:6)
  19 two-headed ogres
  38 blue devils
  4 wind drakes
  201 slime creatures
  A polar bear (Depths:3)
  A wind drake (shapeshifter) (Depths:4)
  Prince Ribbit (D:5)
  4 fire vortices
  3 bog bodies
  5 ravens
  A harpy skeleton (Geh:6)
  An iron dragon simulacrum (Zig:24)
  29 ushabtiu
  A blink frog (shapeshifter) (Depths:4)
  4 spriggan zombies
  4 alligator zombies
  A two-headed ogre (shapeshifter) (Depths:4)
  6 hydra skeletons
  14 snapping turtles
  10 raiju
  23 boulder beetles
  5 ice dragon zombies
  4 ettin zombies
  A griffon zombie (Crypt:2)
  3 frost giant simulacra
  A spectral manticore (Zig:10)
  A trapdoor spider zombie (D:12)
  A spectral ghost crab (Tar:2)
  2 fire dragon zombies
  28 shadows
  2 baby alligators (shapeshifter)
  3 trapdoor spiders
  12 redbacks
  A fire giant simulacrum (Depths:1)
  A fire dragon skeleton (Tomb:2)
  3 wandering mushrooms (WizLab)
  118 flying skulls
  5 ice dragon skeletons
  A black mamba zombie (Dis:7)
  16 humans (D:14)
  2 alligator skeletons
  42 deep elf magi
  6 ettin skeletons
  18 wraiths
  A redback (shapeshifter) (Depths:4)
  35 water elementals
  4 basilisks
  5 hogs (Snake:1)
  4 tarantellas
  A wyvern (shapeshifter) (Depths:2)
  14 vampires
  A tarantella (shapeshifter) (Depths:2)
  A centaur simulacrum (D:13)
  45 yaks
  A yak (shapeshifter) (Vaults:5)
  A queen ant zombie (Crypt:2)
  33 vampire mosquitoes
  8 air elementals
  19 fire elementals
  29 neqoxecs
  A wind drake skeleton (Crypt:1)
  A steam dragon (D:11)
  5 wyverns
  49 deep elf fighters
  2 elf simulacra (Zig:24)
  2 hippogriffs (shapeshifter)
  11 hungry ghosts
  A spectral yaktaur (Zig:15)
  12 golden eyes
  A spectral salamander (Zig:11)
  3 spatial vortices
  14 soldier ants (Lair:3)
  4 fire bats
  14 hippogriffs
  3 mottled dragons
  57 nagas
  41 ynoxinuls
  10 wolves
  Edmund (D:4)
  4 insubstantial wisps
  15 chaos spawn
  8 spiny frog zombies
  6 wargs
  30 water moccasins
  A catoblepas simulacrum (Tomb:3)
  3 swamp drakes
  A hydra simulacrum (Nor:7)
  An ice dragon simulacrum (Crypt:1)
  An infernal demonspawn skeleton (Geh:7)
  A black bear (Lair:1)
  5 spiny frog skeletons
  An alligator simulacrum (Nor:7)
  A black mamba simulacrum (Tomb:2)
  95 large abominations
  8 spiders
  4 sky beasts
  61 hell hounds
  2 swamp dragon zombies
  3 yellow wasps (Zig:11)
  19 eyes of draining
  55 ogres
  6 orc zombies (Orc:4)
  39 ice beasts
  6 porcupines
  An eye of draining (shapeshifter) (Depths:1)
  7 boggarts
  4 snapping turtle zombies
  51 centaurs
  6 phantoms
  18 necrophages
  A manticore skeleton (Pan)
  A lindwurm skeleton (Crypt:2)
  58 orc warriors
  2 swamp dragon skeletons
  A boring beetle (shapeshifter) (Depths:5)
  A boring beetle (Zig:9)
  A fire drake zombie (Crypt:1)
  7 snapping turtle skeletons
  An elephant skeleton (Crypt:2)
  5 big kobolds
  8 brain worms
  13 crocodiles
  21 giant frogs
  3 lost souls (Hell)
  14 earth elementals
  A draconian zombie (Crypt:1)
  13 elf zombies
  6 human skeletons
  2 gnoll sergeants (D:9)
  A wyvern skeleton (D:11)
  7 scorpions
  A spiny frog simulacrum (Nor:6)
  A queen bee zombie (Crypt:2)
  10 killer bees
  6 elf skeletons
  2 troll skeletons
  3 spriggan skeletons
  57 wights
  12 hounds
  3 electric eels
  7 centaur zombies
  11 crimson imps
  2 giant frog zombies (D:12)
  A goliath beetle (D:7)
  59 jellies
  5 quasits
  A gnoll shaman (D:5)
  40 orc priests
  5 centaur skeletons
  18 iron imps
  46 orc wizards
  10 iguanas
  28 hell rats
  A lightning spire (Zig:9)
  29 worker ants
  26 sheep
  Ijyb (D:4)
  2 ogre zombies
  A deep dwarf skeleton (Crypt:1)
  A necrophage skeleton (Geh:3)
  An ogre skeleton (Pan)
  93 mummies
  23 gnolls
  43 river rats
  27 adders
  10 shadow imps
  2 giant mites
  2 worms (shapeshifter)
  4 giant eyeballs (Pan)
  5 worms
  61 ufetubi
  13 white imps
  An adder skeleton (D:4)
  4 giant geckos
  2 oozes
  218 orcs
  A ball python (D:2)
  16 bats
  A bat skeleton (D:6)
  6 giant cockroaches
  23 goblins
  16 hobgoblins
  14 jackals
  13 quokkas
  A ball python skeleton (D:4)
  2 giant gecko skeletons
  5 giant newts
  2 giant spores
  A hobgoblin skeleton (Crypt:2)
  61 kobolds
  3 lurking horrors
  3 orc skeletons
  A quokka zombie (D:6)
  21 rats
  11 ballistomycetes
  7 briar patches (WizLab)
  A bush (WizLab)
  11 butterflies (Zig:24)
  2 crawling corpses (Vaults:3)
  16 fungi
  3 grand avatars
  24 plants
  8 starspawn tentacles
  4 toadstools (WizLab)
6800 creatures vanquished.

Vanquished Creatures (collateral kills)
  A gnoll (D:2)
  An adder (D:2)
  A worm (D:2)
  A bat (D:2)
4 creatures vanquished.

Vanquished Creatures (others)
  Nikola (Vaults:1)
  A tentacled monstrosity (Zot:4)
  A deep elf blademaster (Elf:2)
  2 eldritch tentacles
  An Executioner (Pan)
  A shadow dragon (Depths:5)
  A revenant (Zig:13)
  A greater naga (Snake:2)
  Donald (Orc:3)
  A fire giant (Vaults:5)
  An emperor scorpion (Zig:24)
  2 reapers
  A black draconian (Zot:2)
  A blood saint (Pan)
  A chaos champion (Pan)
  2 bennus
  A lorocyproca (Zig:11)
  A dire elephant (Depths:4)
  An ettin (Depths:5)
  A black sun (Zig:21)
  An ice dragon (Depths:4)
  A hydra (Lair:5)
  An alligator (Zig:11)
  A dancing weapon (Depths:2)
  A death knight (Zig:21)
  A wretched star (Zig:19)
  A catoblepas (Depths:4)
  A skeletal warrior (Crypt:3)
  A sea snake (Shoals:4)
  2 deep elf knights
  A giant orange brain (D:13)
  3 death scarabs
  9 ball lightnings
  A harpy (Shoals:3)
  A red wasp (Vaults:3)
  2 tengu skeletons
  2 fire giant zombies
  A shock serpent zombie (Geh:7)
  An elephant (Lair:1)
  A vault sentinel (Zig:8)
  A black mamba (Snake:4)
  A frost giant skeleton (Geh:6)
  A drowned soul (Shoals:4)
  A fire drake (Lair:5)
  3 gargoyles (Zig:23)
  A hellwing (Pan)
  A demonic crawler (Depths:5)
  A guardian mummy (Tomb:3)
  A freezing wraith (Vaults:3)
  A merfolk (Shoals:5)
  A harpy skeleton (Tomb:2)
  A fire dragon skeleton (Geh:7)
  3 water elementals
  A spriggan (Zig:11)
  A redback (Zig:16)
  4 deep elf magi
  2 deep elf fighters
  A vampire mosquito (Vaults:3)
  2 nagas
  2 swamp drakes (Zig:11)
  A porcupine (Lair:1)
  An orc warrior (Vaults:3)
  A boggart (Vaults:1)
  A centaur (D:13)
  2 ogres
  A crocodile (Slime:1)
  17 lost souls
  An earth elemental (Zig:23)
  A spriggan skeleton (Geh:7)
  A wight (Dis:6)
  2 jellies
  A sheep (Shoals:2)
  A small abomination (Abyss:1)
  A mummy (Zig:14)
  A white imp (Nor:7)
  An ufetubus (Pan)
  An orc (D:10)
  A goblin (Bailey)
  A hobgoblin (Orc:3)
  4 giant spores
  A kobold (D:9)
  2 lurking horrors
  An orc zombie (Orc:4)
  A rat (Lair:5)
  154 eldritch tentacle segments
  11 fungi
  10 plants
  A singularity (Zig:24)
  10 starspawn tentacles
  149 starspawn tentacle segments
  4 tentacles (Hell)
  2 tentacle segments (Hell)
  A toadstool (WizLab)
474 creatures vanquished.

Grand Total: 7278 creatures vanquished
